 Dungeon Crawl Stone Soup version 0.22-a0-247-gbddf880 (webtiles) character file.

657667 sankara the Warrior (level 27, -5/179 HPs)
             Began as a Gargoyle Fighter on Feb 23, 2018.
             Was an Elder of the Shining One.
             Killed from afar by a starcursed mass (15 damage)
             ... with an accursed screaming
             ... on level 3 of the Abyss on Feb 26, 2018.
             The game lasted 11:05:24 (79851 turns).

sankara the Warrior (Gargoyle Fighter)             Turns: 79851, Time: 11:05:24

Health: -5/179     AC: 43    Str: 28 (29) XL:     27
Magic:  23/42      EV: 19    Int: 19      God:    the Shining One [****..]
Gold:   4549       SH: 34    Dex: 12      Spells: 12/56 levels left

rFire    + + .     SeeInvis .   a - +8 whip "Snakebite" {curare, rPois}
rCold    + . .     Gourm    .   T - +5 shield {rC+}
rNeg     + + +     Faith    .   Z - quicksilver dragon scales
rPois    ∞         Spirit   .   j - +1 hat
rElec    +         Reflect  +   p - +2 cloak {MR+}
rCorr    .         Harm     .   i - +2 pair of gloves {archery}
MR       ++++.                  v - +1 pair of boots "Yloppe" {Slay+3}
Stlth    ++........             D - +3 amulet of reflection
HPRegen  0.39/turn              z - ring "Tobeoteu" {rF+ rN+ Str+7}
MPRegen  0.28/turn              F - +4 ring of slaying

@: divine shield, about to teleport, flying, glowing
A: big wings, hooves 1, horns 1, thin skeletal structure 1, blurry vision 1,
deformed body, deterioration 2, fire resistance 1, negative energy resistance 1,
electricity resistance, wild magic 1, unbreathing, petrification resistance, rot
immunity, AC +20
}: 4/15 runes: serpentine, barnacled, silver, abyssal
a: Stop Flying, Divine Shield, Cleansing Flame, Renounce Religion


You were on level 3 of the Abyss.
You worshipped the Shining One.
The Shining One was greatly pleased with you.
You were hungry.

You visited 11 branches of the dungeon, and saw 52 of its levels.
You visited the Abyss 3 times.
You visited 2 bazaars.
You also visited: Ice Cave.

You collected 10110 gold pieces.
You spent 5561 gold pieces at shops.

Inventory:

Hand Weapons
 a - the +8 whip "Snakebite" (weapon) {curare, rPois}
   (You found it on level 3 of the Lair of Beasts)

   It poisons the flesh of those it strikes.
   It protects you from poison.
 b - a +8 blowgun
   (You took it off a kobold on level 9 of the Dungeon)
 c - the +6 shillelagh "Devastator" {shatter}
   (Okawaru gifted it to you on level 1 of the Vaults)
 V - a +0 demon whip of electrocution
   (You took it off a balrug on level 3 of the Abyss)
Missiles
 n - 67 javelins (quivered)
 w - 2 throwing nets {=f, !d}
 R - 25 needles of paralysis
 W - 5 tomahawks of dispersal {=f}
Armour
 i - a +2 pair of gloves of archery (worn)
   (You bought it in a shop on level 7 of the Dungeon)
 j - a +1 hat (worn)
   (You found it on level 3 of the Lair of Beasts)
 p - a +2 cloak of magic resistance (worn)
   (Okawaru gifted it to you on level 4 of the Lair of Beasts)
 v - the +1 pair of boots "Yloppe" (worn) {Slay+3}
   (You bought it in a shop on level 2 of the Orcish Mines)

   It affects your accuracy and damage with ranged weapons and melee attacks
   (+3).
 T - a +5 shield of cold resistance (worn)
   (You found it on level 3 of the Elven Halls)
 Z - quicksilver dragon scales (worn)
   (You bought it in a shop on level 2 of the Orcish Mines)
Jewellery
 z - the ring "Tobeoteu" (left hand) {rF+ rN+ Str+7}
   (You found it on level 3 of the Crypt)

   [ring of positive energy]

   It affects your strength (+7).
   It protects you from fire.
   It protects you from negative energy.
 D - a +3 amulet of reflection (around neck)
   (You bought it in a shop on level 3 of the Snake Pit)
 F - a +4 ring of slaying (right hand)
   (You found it on level 7 of the Dungeon)
 P - an uncursed ring of see invisible {sInv, !d}
   (You found it on level 9 of the Dungeon)
 Y - an uncursed ring of resist corrosion
   (You found it on level 12 of the Dungeon)
Wands
 B - a wand of disintegration (37)
   (You found it on level 12 of the Dungeon)
 K - a wand of paralysis (36)
   (You found it on level 3 of the Elven Halls)
 N - a wand of enslavement (37)
   (You took it off Maurice on level 2 of the Orcish Mines)
 O - a wand of digging (8)
   (You found it on level 1 of the Depths)
 S - a wand of acid (45)
   (You took it off an orc priest on level 12 of the Dungeon)
Scrolls
 k - 5 scrolls of fog
 m - 30 scrolls of remove curse
 q - 4 scrolls of blinking {!r}
 y - 9 scrolls of magic mapping {!r}
 A - 2 scrolls of fear
 C - 13 scrolls of teleportation
 E - a scroll of brand weapon
 G - 10 scrolls of identify
 I - 4 scrolls of silence
 Q - a scroll of amnesia
 U - 2 scrolls of enchant weapon
 X - 6 scrolls of summoning
Potions
 e - 4 potions of berserk rage {!q}
 g - 9 potions of agility
 l - 16 potions of might
 o - 7 potions of mutation {!q}
 r - 7 potions of brilliance
 t - 12 potions of haste
 u - 3 potions of magic
 x - 5 potions of resistance
 J - 3 potions of heal wounds
 M - 25 potions of curing
Miscellaneous
 d - 3 boxes of beasts
 h - a phial of floods
   (You found it on level 4 of the Vaults)
 s - 4 phantom mirrors
 H - a lightning rod (4/4)
   (You found it on level 4 of the Vaults)
 L - a lamp of fire
   (You found it on level 3 of the Lair of Beasts)
Comestibles
 f - 40 rations


   Skills:
 - Level 20.0 Fighting
 - Level 12.0 Maces & Flails
 - Level 10.0 Throwing
 + Level 16.1 Armour
 - Level 15.0 Dodging
 - Level 10.0 Stealth
 - Level 15.0 Shields
 - Level 15.0 Spellcasting
   Level 13.0 Conjurations
 - Level 3.0 Hexes
 - Level 10.0 Charms
 - Level 15.0 Summonings
 - Level 10.0 Necromancy
 - Level 10.0 Translocations
 - Level 8.0 Air Magic
 - Level 10.0 Earth Magic
 + Level 13.5 Invocations
 - Level 10.0 Evocations


You had 12 spell levels left.
You knew the following spells:

 Your Spells              Type           Power        Failure   Level  Hunger
a - Apportation           Tloc           ######       1%          1    None
b - Blink                 Tloc           N/A          1%          2    None
c - Leda's Liquefaction   Hex/Erth       ######....   6%          4    None
d - Shroud of Golubria    Chrm/Tloc      ######....   1%          2    None
e - Regeneration          Chrm/Necr      ######....   1%          3    None
f - Song of Slaying       Chrm           ######..     1%          2    None
g - Gell's Gravitas       Tloc           ######....   1%          3    None
h - Aura of Abjuration    Summ           #######...   1%          5    ###....
i - Portal Projectile     Hex/Tloc       ######       2%          3    None
j - Recall                Summ/Tloc      N/A          1%          3    None
k - Summon Lightning Spi  Summ/Air       ######..     1%          4    None
l - Deflect Missiles      Chrm/Air       ######....   30%         6    #####..
n - Shadow Creatures      Summ           N/A          3%          6    #####..


Dungeon Overview and Level Annotations

Branches:
Dungeon (15/15)            Temple (1/1) D:6            Lair (6/6) D:11
 Shoals (4/4) Lair:2        Snake (4/4) Lair:4        Slime (0/5) Lair:5
    Orc (2/2) D:10            Elf (3/3) Orc:2        Vaults (5/5) D:13
  Crypt (3/3) Vaults:3       Tomb (0/3) Crypt:3      Depths (5/5) D:15
    Zot (4/5) Depths:5

Altars:
Ashenzari
Cheibriados
Dithmenos
Elyvilon
Fedhas
Gozag
Hepliaklqana
Kikubaaqudgha
Makhleb
Nemelex Xobeh
Okawaru
Qazlal
Ru
Sif Muna
Trog
Uskayaw
Vehumet
Wu Jian
Xom
Yredelemnul
Zin
The Shining One
Beogh
Jiyva

Shops:
D:5 (   D:7 *[   D:8 (   D:10 [   Orc:1 [   Orc:2 ([*(   Elf:1 }   Shoals:1 ?
Shoals:4 %   Snake:3 }}=   Vaults:4 (   Depths:4 !}

Portals:
Hell: Depths:1 Depths:2 Depths:3 Depths:4 Depths:5
Abyss: Depths:2 Depths:4
Pandemonium: Depths:3
Ziggurat: Depths:1
Trove: D:11 (give 8 potions of haste)

Annotations:
Shoals:1 exclusion: Roxanne, Roxanne


Innate Abilities, Weirdness & Mutations

You are resistant to torment.
Your stone body is resilient. (AC +20)
You are immune to poison.
Your large and strong wings let you fly indefinitely.
You resist negative energy. (rN+)
You are resistant to electric shocks. (rElec)
You can survive without breathing.
You are immune to petrification.
You are immune to rotting.
You have large cloven feet.
You have a pair of small horns on your head.
You have a somewhat thin skeletal structure. (Dex +2, Stealth)
Scrolls take you a little longer to read.
Armour fits poorly on your strangely shaped body.
Your body often deteriorates upon taking damage.
Your flesh is heat resistant. (rF+)
Your spells are a little harder to cast, but a little more powerful.


Message History

The frost giant seems to be slow for longer.
You headbutt the frost giant.
The frost giant is severely wounded.
The large abomination moves out of view.
Your angel hits the stone giant with a sacred scourge of holy wrath!!
The stone giant dies!
You hit the frost giant.
The frost giant is severely wounded.
The starcursed mass completely misses your angel.
A starcursed mass comes into view.
You whack the frost giant!
The frost giant looks as sick as possible!
The frost giant is almost dead.
The frost giant casts a spell at you. The bolt of cold hits you!
The bolt of cold hits your angel.
You whack the frost giant!
The frost giant looks as sick as possible!
The frost giant is almost dead.
A cacophony of accursed wailing tears at your sanity!
Your angel gestures.
Your angel is healed somewhat.
The starcursed mass barely misses your angel. x2
You hit the frost giant but do no damage.
The frost giant looks as sick as possible!
The frost giant is almost dead.
The starcursed mass closely misses your angel.
You whack the frost giant!
You kill the frost giant!
That felt strangely unrewarding.
Your angel gestures.
Your angel is healed somewhat.
Something engulfs your angel! The starcursed mass engulfs your angel.
A cacophony of accursed wailing tears at your sanity!
* * * LOW HITPOINT WARNING * * *
The starcursed mass closely misses your angel.
You hit the starcursed mass.
The starcursed mass is lightly damaged.
The starcursed mass shudders and is absorbed by its neighbour.
Your angel hits the starcursed mass with a sacred scourge of holy wrath.
The starcursed mass shudders and is absorbed by its neighbour.
The starcursed mass engulfs your angel.
Your angel hits the starcursed mass with a whip of holy wrath!
The starcursed mass shudders and is absorbed by its neighbour.
A starcursed mass splits.
A starcursed mass splits.
You block the starcursed mass's attack.
A starcursed mass splits.
The starcursed mass engulfs something but does no damage.
The hellwing barely misses something.
The hellwing hits something.
Your angel gestures.
Your angel is healed somewhat.
You whack the starcursed mass! You headbutt the starcursed mass.
The starcursed mass is severely damaged.
The starcursed mass shudders and is absorbed by its neighbour.
A starcursed mass splits. x2
You hit the starcursed mass but do no damage.
You headbutt the starcursed mass!
The starcursed mass is severely damaged.
The starcursed mass shudders and is absorbed by its neighbour.
The starcursed mass engulfs something but does no damage.
A cacophony of accursed wailing tears at your sanity!
* * * LOW HITPOINT WARNING * * *
Your body deteriorates!
You feel weakened.
The hellwing misses something.
The hellwing hits something.
You whack the starcursed mass!
The starcursed mass is almost destroyed.
The starcursed mass shudders and is absorbed by its neighbour.
A starcursed mass splits. x2
The starcursed mass closely misses your angel.
Okay, then.
You swap places.
The starcursed mass barely misses your angel.
Your angel hits the starcursed mass with a whip of holy wrath!
The starcursed mass is destroyed!
The hellwing closely misses your angel. The hellwing hits your angel.
Something engulfs your angel!
Really read with blurry vision while enemies are nearby?
Your angel hits the hellwing with a sacred scourge of holy wrath!
The hellwing convulses!
Your angel hits the hellwing but does no damage.
The starcursed mass completely misses your angel.
The hellwing completely misses your angel.
The hellwing hits your angel but does no damage.
You begin reading the scroll.
You continue reading the scroll.
Your angel hits the hellwing but does no damage.
Your angel barely misses the hellwing.
Something misses your angel. The starcursed mass misses your angel.
A cacophony of accursed wailing tears at your sanity!
* * * LOW HITPOINT WARNING * * *
You block the starcursed mass's attack. The starcursed mass engulfs your angel!
The hellwing completely misses your angel.
The hellwing closely misses your angel.
Your angel hits the starcursed mass but does no damage. x2
As you read the scroll of teleportation, it crumbles to dust.
You feel strangely unstable.
You feel the power of the Abyss delaying your translocation!
A starcursed mass splits.
The starcursed mass misses your angel.
Your angel hits the starcursed mass with a whip of holy wrath!!
The starcursed mass is destroyed!
A cacophony of accursed wailing tears at your sanity!
You die... .. .. . ## ..
X##X#. ... #..####X X# #.. .XX§#X##.#.# ##X##4XX#.# #X.AAXX#

#
###X#.##
. #..
##@AX#
..
.#§.####
.
..#..##
...## .#
# ..#..
#. .
#..# .
.. .#
#.. #
.## .. .
. ( # .
..#.# ..
. . . #
# ..# .


You could see 13 starcursed masses, a large abomination, a hellwing and 2
friendly angels.

Vanquished Creatures
  4 ancient liches
  Mara (Vaults:3)
  Sojobo (Vaults:4)
  Bai Suzhen (Depths:2)
  Margery (Vaults:3)
  Boris (Crypt:1)
  A caustic shrike (Depths:4)
  Saint Roka (Elf:3)
  2 Killer Klowns (Zot:4)
  7 bone dragons
  Nikola (Shoals:3)
  4 golden dragons
  Jorgrun (Depths:2)
  A hellephant (Abyss:1)
  A Hell Sentinel (Abyss:1)
  Rupert (Lair:5)
  8 tentacled monstrosities
  3 liches
  9 deep elf blademasters
  4 quicksilver dragons
  6 sphinxes
  10 titans
  5 deep elf master archers
  11 tentacled starspawn
  6 death cobs
  An ancient champion (Crypt:1)
  9 shadow dragons
  10 storm dragons
  Polyphemus (Shoals:3)
  The ghost of Armakuni the Convoker, a journeyman DrWz of Elyvilon (Snake:4)
  6 tengu reavers
  6 nagarajas (Snake:4)
  Donald (Elf:3)
  13 frost giants
  2 draconian monks
  A revenant (Crypt:3)
  16 fire giants
  Ilsuiw (Shoals:4)
  6 deep elf sorcerers
  A caustic shrike zombie (Crypt:1)
  10 vault wardens
  2 draconian knights (Zot:3)
  2 iron dragons
  Aizul (Snake:1)
  2 balrugs
  5 draconian scorchers
  A juggernaut zombie (Depths:3)
  2 orc warlords (Depths:2)
  8 deep elf elementalists (Elf:3)
  2 curse skulls
  8 draconian annihilators
  3 draconian shifters
  2 war gargoyles (Crypt:3)
  4 spriggan defenders
  3 draconian stormcallers
  23 ironheart preservers
  24 stone giants
  7 very ugly things
  6 vampire knights
  An entropy weaver (Abyss:3)
  Nessos (D:13)
  6 green draconians
  8 purple draconians
  7 deep elf demonologists
  6 black draconians
  11 deep elf annihilators
  Azrael (Elf:2)
  A minotaur (shapeshifter) (Vaults:4)
  8 red draconians
  9 white draconians
  5 yellow draconians
  5 eidola
  13 ettins
  6 merfolk javelineers (Shoals:4)
  A quicksilver dragon zombie (Crypt:3)
  7 deep elf death magi
  3 deep elf high priests (Elf:3)
  4 fire dragons
  8 merfolk impalers
  A blizzard demon (Abyss:3)
  7 rakshasas
  4 hydras
  30 vault guards
  13 jiangshi
  12 yaktaur captains
  5 great orbs of eyes
  8 naga warriors
  13 ice dragons
  4 spriggan air magi
  2 catoblepae
  3 anacondas
  5 satyrs
  3 merfolk avatars
  35 two-headed ogres
  11 centaur warriors
  8 death yaks
  14 ogre magi
  5 merfolk aquamancers
  A two-headed ogre (shapeshifter) (D:13)
  5 death knights
  11 deep troll shamans
  4 tengu warriors
  26 dancing weapons
  10 deep troll earth magi
  7 vampire magi
  13 naga sharpshooters
  A titan zombie (Crypt:1)
  Sonja (D:11)
  7 shock serpents
  7 thrashing horrors
  A storm dragon zombie (Crypt:3)
  27 deep elf knights
  9 spriggan berserkers
  22 large abominations
  11 wretched stars
  23 hell knights
  A sixfirhy (Abyss:3)
  26 small abominations
  Nergalle (D:10)
  4 iron trolls
  5 salamander mystics
  2 soul eaters
  40 skeletal warriors
  A fire crab (shapeshifter) (Elf:1)
  3 spatial maelstroms
  2 shadow wraiths
  2 death drakes (Abyss:3)
  9 glowing orange brains
  18 sea snakes
  3 swamp dragons
  3 unseen horrors
  A gelid demonspawn (Depths:3)
  29 deep trolls
  27 deep elf archers
  4 flayed ghosts
  4 naga ritualists
  5 wizards
  3 lindwurms (Lair:6)
  29 starcursed masses (Abyss:3)
  3 tengu zombies (Vaults:3)
  12 ironbrand convokers
  A mana viper (shapeshifter) (Abyss:3)
  4 mana vipers
  65 deep elf magi
  A swamp dragon (shapeshifter) (Vaults:2)
  9 orc sorcerers
  A wolf spider zombie (Crypt:1)
  7 phantasmal warriors
  12 necromancers
  10 ugly things
  31 orc knights
  7 wolf spiders
  21 harpies
  An iron dragon zombie (Crypt:3)
  11 cyclopes
  A shining eye (shapeshifter) (Vaults:5)
  24 fauns
  16 salamanders
  3 fire giant zombies
  A stone giant zombie (Abyss:3)
  5 worldbinders
  13 manticores
  An orb spider (shapeshifter) (D:13)
  6 fire giant skeletons (Crypt:3)
  10 merfolk sirens
  A stone giant skeleton (Depths:2)
  A tengu skeleton (Depths:3)
  12 elephants
  A frost giant skeleton (Vaults:3)
  Maurice (Orc:2)
  4 moths of wrath
  2 centaur zombies
  5 water nymphs
  13 naga magi
  2 ice statues (IceCv)
  An eye of devastation (shapeshifter) (Abyss:1)
  4 guardian serpents
  10 smoke demons
  A shock serpent zombie (Crypt:1)
  29 black mambas
  12 apocalypse crabs
  15 vault sentinels
  2 gargoyles (Crypt:3)
  A catoblepas zombie (Crypt:1)
  3 orange demons
  6 spiny frogs
  4 human zombies
  A demonic crawler (Abyss:1)
  A kobold demonologist (D:14)
  11 freezing wraiths
  3 hellions
  3 efreet (Abyss:1)
  7 komodo dragons
  37 yaktaurs
  A tormentor (Abyss:3)
  9 rime drakes
  5 ancient zymes
  14 trolls
  A yaktaur skeleton (Vaults:2)
  A harpy zombie (Crypt:3)
  A silent spectre (Abyss:1)
  2 red devils (Abyss:3)
  A death drake zombie (Crypt:2)
  A queen bee (shapeshifter) (D:15)
  4 tengu conjurers
  4 polar bears (Lair:6)
  7 wind drakes
  A polar bear (shapeshifter) (Vaults:2)
  17 merfolk
  19 blink frogs
  8 hornets
  A merfolk (shapeshifter) (D:15)
  Grinder (D:3)
  29 slime creatures
  A raiju (shapeshifter) (Vaults:2)
  A hydra skeleton (Crypt:2)
  8 snapping turtles
  14 dream sheep
  21 raiju
  2 blink frogs (shapeshifter)
  15 hippogriffs
  A stone giant simulacrum (Vaults:1)
  2 air elementals
  Sigmund (D:2)
  A black mamba zombie (Abyss:1)
  4 vampires (Crypt:3)
  6 flying skulls (Abyss:3)
  2 spriggan skeletons
  11 wraiths
  An ettin skeleton (Vaults:2)
  3 shadows
  8 ynoxinuls
  A redback (shapeshifter) (Depths:1)
  2 wyverns
  6 spriggans
  11 fire dragon skeletons (Crypt:3)
  21 water elementals
  A basilisk (shapeshifter) (D:15)
  A spriggan (shapeshifter) (Elf:1)
  A wind drake zombie (Crypt:1)
  A black mamba skeleton (Abyss:3)
  A yak (shapeshifter) (D:15)
  4 fire bats (Abyss:1)
  A human (shapeshifter) (Vaults:3)
  36 yaks
  8 hungry ghosts
  3 basilisks
  8 neqoxecs
  5 fire elementals
  A hog (shapeshifter) (Vaults:3)
  15 steam dragons
  2 chaos spawn
  10 wargs
  6 swamp worms (Snake:3)
  45 nagas
  5 insubstantial wisps (Abyss:1)
  An acid dragon (shapeshifter) (Vaults:3)
  A swamp worm (shapeshifter) (Vaults:5)
  16 water moccasins
  5 hell hounds
  15 porcupines
  2 hornet zombies
  60 orc warriors
  3 sky beasts (D:11)
  18 ice beasts
  2 black bears (D:10)
  2 spiny frog skeletons
  44 ogres
  5 eyes of draining
  A manticore zombie (Crypt:3)
  2 phantoms
  A tengu (shapeshifter) (Vaults:5)
  11 wolves
  6 boggarts
  38 centaurs
  A swamp dragon skeleton (Abyss:3)
  10 crocodiles
  3 yaktaur zombies
  A hippogriff skeleton (Crypt:1)
  2 big kobolds
  24 bullfrogs
  A draconian skeleton (Crypt:1)
  An elf skeleton (Crypt:2)
  A salamander skeleton (Crypt:2)
  A wyvern skeleton (D:7)
  A spriggan zombie (Crypt:2)
  2 earth elementals (Elf:2)
  5 scorpions
  A yak zombie (Crypt:2)
  4 killer bees
  7 electric eels
  27 wights
  2 howler monkeys
  2 bullfrog zombies
  6 crimson imps
  A human simulacrum (Vaults:3)
  7 hounds
  5 quasits
  24 orc priests
  9 jellies
  A gnoll shaman (D:8)
  A bullfrog skeleton (D:4)
  An iron imp (Abyss:3)
  35 orc wizards
  8 centaur skeletons
  Natasha (thrice) (D:3 D:4)
  4 iguanas
  13 worker ants
  A killer bee zombie (D:9)
  An ogre zombie (Crypt:3)
  2 hound zombies
  A howler monkey zombie (D:10)
  A worker ant zombie (D:10)
  Robin (D:3)
  11 gnolls
  17 adders
  2 howler monkey skeletons
  A steam dragon zombie (Crypt:2)
  4 shadow imps
  8 ufetubi
  A halfling zombie (Crypt:1)
  An adder skeleton (D:8)
  An adder zombie (D:5)
  3 worms
  2 dart slugs
  7 leopard geckos
  100 orcs
  7 bats
  A bat skeleton (Crypt:2)
  12 giant cockroaches
  14 goblins
  7 hobgoblins
  10 jackals
  A jackal (shapeshifter) (Vaults:5)
  9 quokkas
  2 ball pythons (D:1)
  6 frilled lizards
  23 kobolds
  A leopard gecko skeleton (D:5)
  A leopard gecko zombie (D:5)
  A quokka skeleton (D:9)
  9 rats
  A fire vortex (D:15)
  3 lurking horrors
  3 plants
  2 starspawn tentacles
  A withered plant (Crypt:3)
2602 creatures vanquished.

Vanquished Creatures (collateral kills)
  An ancient lich (Vaults:5)
  Boris (Depths:3)
  A caustic shrike (Depths:5)
  A golden dragon (Zot:1)
  A profane servitor (Abyss:3)
  3 tentacled monstrosities
  2 liches
  A titan (Abyss:3)
  A quicksilver dragon (Vaults:5)
  A deep elf blademaster (Abyss:3)
  A draconian monk (Zot:4)
  4 shadow dragons
  A death cob (Zot:1)
  A tengu reaver (Vaults:5)
  A nagaraja (Abyss:3)
  A revenant (Crypt:2)
  6 storm dragons
  2 fire giants
  3 frost giants
  2 deep elf sorcerers
  Louise (Depths:2)
  A draconian scorcher (Zot:1)
  A vault warden (Vaults:5)
  2 draconian shifters
  A war gargoyle (Crypt:3)
  2 very ugly things
  8 stone giants
  2 green draconians
  2 black draconians
  3 yellow draconians
  A deep elf annihilator (Vaults:5)
  A red draconian (Zot:1)
  8 purple draconians
  A white draconian (Zot:4)
  An eidolon (Crypt:1)
  A fire dragon (Depths:3)
  3 ettins
  A merfolk javelineer (Abyss:3)
  2 jiangshi (Crypt:2)
  2 great orbs of eyes
  A deep elf high priest (Vaults:5)
  3 yaktaur captains
  4 vault guards (Vaults:5)
  2 ice dragons
  A spriggan air mage (Depths:4)
  A rakshasa (Depths:3)
  9 two-headed ogres
  A dancing weapon (Elf:3)
  A death knight (Crypt:2)
  2 deep troll earth magi
  A vampire mage (Crypt:3)
  A spriggan berserker (Depths:3)
  A titan zombie (Abyss:3)
  7 thrashing horrors
  A sun demon (Abyss:3)
  7 hell knights
  An iron troll (Depths:3)
  A soul eater (Abyss:3)
  A shadow wraith (Vaults:5)
  A sixfirhy (Abyss:3)
  A spatial maelstrom (Abyss:3)
  6 skeletal warriors
  A salamander mystic (Snake:4)
  3 flayed ghosts
  2 deep elf archers
  An ironbrand convoker (Vaults:5)
  4 deep trolls
  An anaconda skeleton (Crypt:1)
  A deep elf mage (Abyss:3)
  An orc sorcerer (Elf:3)
  A fire giant zombie (Crypt:3)
  A manticore (shapeshifter) (Depths:2)
  2 salamanders (Depths:2)
  2 ugly things
  8 moths of wrath
  A merfolk siren (Shoals:3)
  A toenail golem (Abyss:3)
  A fire giant skeleton (Crypt:3)
  A titan simulacrum (Depths:3)
  3 vault sentinels (Vaults:5)
  A stone giant skeleton (Crypt:1)
  A guardian serpent (Abyss:3)
  A rust devil (Abyss:3)
  2 smoke demons
  2 gargoyles (Crypt:3)
  A naga mage (Abyss:3)
  A hellion (Zot:1)
  A rime drake (shapeshifter) (Depths:3)
  A tormentor (Abyss:3)
  An efreet (Zot:1)
  An iron troll zombie (Crypt:2)
  3 ancient zymes (Abyss:3)
  4 yaktaurs
  2 tengu conjurers (Depths:5)
  A jumping spider (shapeshifter) (Depths:2)
  A troll (Elf:3)
  6 hornets
  8 raiju
  A harpy skeleton (Crypt:3)
  A hippogriff (Lair:2)
  3 slime creatures (Depths:3)
  A dream sheep (Lair:6)
  8 large abominations (Abyss:3)
  2 ynoxinuls (Abyss:3)
  5 spriggans
  An ice dragon skeleton (Crypt:1)
  A shadow (Abyss:1)
  A fire dragon skeleton (Crypt:3)
  A yak (Lair:5)
  6 water elementals
  3 chaos spawn (Abyss:3)
  A neqoxec (Abyss:3)
  3 spatial vortices (Abyss:3)
  3 nagas (Snake:4)
  2 human skeletons
  A floating eye (shapeshifter) (Vaults:5)
  3 orc warriors
  An ogre (Orc:1)
  A snapping turtle skeleton (Crypt:3)
  2 centaurs (Depths:3)
  7 small abominations (Abyss:3)
  A bullfrog (Lair:2)
  24 starcursed masses (Abyss:3)
  An iron imp (Abyss:3)
  A gnoll (shapeshifter) (Depths:4)
  5 orcs
  5 plants (Depths:4)
  3 starspawn tentacles (Abyss:3)
  A withered plant (Crypt:3)
305 creatures vanquished.

Vanquished Creatures (others)
  5 deep elf master archers
  A deep elf sorcerer (Vaults:4)
  A stone giant (Depths:2)
  2 yaktaur captains
  2 satyrs
  A naga sharpshooter (Snake:4)
  5 deep elf archers
  A moth of wrath (Zot:4)
  A cyclops (Shoals:3)
  A faun (Shoals:2)
  3 yaktaurs
  An efreet (Zot:1)
  A neqoxec (Abyss:3)
  A spatial vortex (Abyss:3)
  A naga (Snake:1)
  A large abomination (Abyss:3)
  2 ogres
  3 centaurs
  A wight (D:15)
  2 orc wizards
  3 orcs
  30 fungi
  A lurking horror (Abyss:1)
  56 plants
  A snaplasher vine (Vaults:5)
  33 starspawn tentacles
  5 withered plants (Crypt:3)
165 creatures vanquished.

Grand Total: 3072 creatures vanquished

Notes
Turn   | Place    | Note
-------+----------+-------------------------------------------
     0 | D:1      | sankara the Gargoyle Fighter began the quest for the Orb.
     0 | D:1      | Reached XP level 1. HP: 14/14 MP: 1/1
    73 | D:1      | Reached XP level 2. HP: 15/19 MP: 2/2
   675 | D:2      | Reached XP level 3. HP: 23/24 MP: 3/3
   682 | D:2      | Reached skill level 3 in Maces & Flails
  1156 | D:2      | Noticed Sigmund
  1181 | D:2      | Killed Sigmund
  1181 | D:2      | Reached skill level 4 in Fighting
  1181 | D:2      | Reached skill level 4 in Maces & Flails
  1181 | D:2      | Reached XP level 4. HP: 28/30 MP: 4/4
  1181 | D:2      | Reached XP level 5. HP: 32/34 MP: 5/5
  1224 | D:2      | Reached skill level 5 in Maces & Flails
  1283 | D:2      | Reached XP level 6. HP: 40/40 MP: 6/6
  1496 | D:2      | Found an iron altar of Okawaru.
  1520 | D:2      | Became a worshipper of Warmaster Okawaru
  1596 | D:3      | Noticed Natasha
  1598 | D:3      | Reached skill level 5 in Fighting
  1608 | D:3      | Killed Natasha
  1822 | D:3      | Found a sacrificial altar of Ru.
  1826 | D:3      | Noticed Robin
  1867 | D:3      | Killed Robin
  2108 | D:3      | Found a shadowy altar of Dithmenos.
  2193 | D:3      | Found a deep blue altar of Sif Muna.
  2287 | D:3      | Noticed Grinder
  2293 | D:3      | Paralysed by Grinder for 4 turns
  2309 | D:3      | Killed Grinder
  2309 | D:3      | Reached * piety under Okawaru
  2309 | D:3      | Reached skill level 6 in Maces & Flails
  2309 | D:3      | Reached XP level 7. HP: 25/45 MP: 7/7
  2535 | D:4      | Noticed Natasha
  2539 | D:4      | Killed Natasha
  2616 | D:3      | Reached skill level 6 in Fighting
  2785 | D:4      | Reached skill level 7 in Maces & Flails
  3037 | D:4      | Reached XP level 8. HP: 52/52 MP: 8/8
  3090 | D:4      | Noticed Natasha
  3094 | D:4      | Killed Natasha
  3301 | D:4      | Reached ** piety under Okawaru
  3464 | D:4      | Got a smoking spear
  3465 | D:4      | Identified the cursed +0 spear of Xefim {speed, *Drain rF++ MR+ Stlth+} (You found it on level 4 of the Dungeon)
  3523 | D:5      | Entered Level 5 of the Dungeon
  3759 | D:5      | Got a fine robe
  3760 | D:5      | Identified the +1 robe of the Foremost Dances {rPois Str-2 Int-4 Dex+8} (You found it on level 5 of the Dungeon)
  3797 | D:5      | Found Honefrem's Antique Weapon Boutique.
  3811 | D:5      | Reached skill level 8 in Maces & Flails
  3818 | D:5      | Found an opulent altar of Gozag.
  4100 | D:5      | Found an ornate altar of the Wu Jian Council.
  4371 | D:6      | Reached skill level 7 in Fighting
  4583 | D:6      | Reached skill level 4 in Armour
  4583 | D:6      | Reached skill level 4 in Shields
  4677 | D:6      | Found a staircase to the Ecumenical Temple.
  4683 | Temple   | Entered the Ecumenical Temple
  5281 | D:7      | Found Xoiwk's Armour Boutique.
  5330 | D:7      | Reached XP level 9. HP: 55/57 MP: 9/9
  5376 | D:7      | Reached skill level 9 in Maces & Flails
  5674 | D:7      | Found Qaps's Assorted Antiques.
  5771 | D:7      | Found a sacrificial altar of Ru.
  6135 | D:8      | Reached *** piety under Okawaru
  6382 | D:8      | Noticed a two-headed ogre
  6394 | D:8      | Killed a two-headed ogre
  6394 | D:8      | Reached skill level 8 in Fighting
  6394 | D:8      | Reached skill level 5 in Armour
  6394 | D:8      | Reached skill level 5 in Shields
  6394 | D:8      | Reached skill level 2 in Invocations
  6553 | D:8      | Found Jeiribak's Antique Weapon Shoppe.
  6632 | D:8      | Reached skill level 10 in Maces & Flails
  6643 | D:8      | Reached XP level 10. HP: 60/64 MP: 3/12
  6829 | D:8      | Reached **** piety under Okawaru
  6928 | D:8      | Reached skill level 3 in Invocations
  6937 | D:8      | Reached skill level 6 in Armour
  7134 | D:9      | Reached skill level 6 in Shields
  7286 | D:9      | Received a gift from Okawaru
  7346 | D:9      | Reached skill level 4 in Invocations
  7609 | D:9      | Reached skill level 9 in Fighting
  8341 | D:10     | Entered Level 10 of the Dungeon
  8495 | D:10     | Reached skill level 11 in Maces & Flails
  8495 | D:10     | Reached skill level 1 in Stealth
  8511 | D:10     | Reached ***** piety under Okawaru
  8545 | D:10     | Reached skill level 7 in Armour
  8612 | D:10     | Reached XP level 11. HP: 69/71 MP: 14/14
  8643 | D:10     | Noticed a centaur warrior
  8654 | D:10     | Killed a centaur warrior
  8654 | D:10     | Reached skill level 2 in Stealth
  8654 | D:10     | Reached skill level 7 in Shields
  8655 | D:10     | Noticed a two-headed ogre
  8665 | D:10     | Received a gift from Okawaru
  8673 | D:10     | Killed a two-headed ogre
  8673 | D:10     | Reached skill level 5 in Invocations
  8722 | D:10     | HP: 15/71 [electric eel/bolt of electricity (4)]
  8727 | D:10     | HP: 8/71 [electric eel/bolt of electricity (3)]
  8737 | D:10     | HP: 7/71 [troll (3)]
  8762 | D:9      | HP: 6/71 [troll (5)]
  8767 | D:9      | Reached skill level 3 in Stealth
  9205 | D:10     | Noticed Nergalle
  9223 | D:10     | Noticed a spectral orc warlord
  9228 | D:10     | Killed Nergalle
  9492 | D:10     | Found Niegres's Armour Shoppe.
  9628 | D:10     | Identified the Almanac of Quantum Calling
  9632 | D:10     | Learned a level 1 spell: Apportation
  9635 | D:10     | Learned a level 2 spell: Blink
 10189 | D:10     | Reached skill level 1 in Dodging
 10208 | D:10     | Reached skill level 4 in Stealth
 10334 | D:10     | Found a staircase to the Orcish Mines.
 10612 | D:10     | Reached skill level 1 in Spellcasting
 10648 | D:10     | Learned a level 2 spell: Call Imp
 10720 | D:11     | Noticed Sonja
 10746 | D:11     | Killed Sonja
 10759 | D:11     | Reached skill level 8 in Armour
 10840 | D:11     | Found a staircase to the Lair.
 11051 | D:11     | Reached skill level 1 in Translocations
 11051 | D:11     | Reached skill level 6 in Invocations
 11068 | D:11     | Reached XP level 12. HP: 67/77 MP: 16/16
 11118 | D:11     | Reached skill level 12 in Maces & Flails
 11121 | D:11     | Reached skill level 10 in Fighting
 11157 | D:11     | Reached skill level 8 in Shields
 11168 | D:11     | Reached skill level 2 in Spellcasting
 11314 | D:11     | Found a portal to a secret trove of treasure.
 11509 | Lair:1   | Entered Level 1 of the Lair of Beasts
 11620 | Lair:1   | Reached skill level 2 in Dodging
 11815 | Lair:1   | Noticed a four-headed hydra
 11826 | Lair:1   | Killed a four-headed hydra
 12081 | Lair:1   | Reached skill level 1 in Summonings
 12106 | Lair:1   | Reached skill level 2 in Translocations
 12564 | Lair:2   | Received a gift from Okawaru
 12905 | Lair:1   | Reached skill level 3 in Spellcasting
 13095 | Lair:2   | Reached skill level 2 in Summonings
 13138 | Lair:2   | Reached skill level 3 in Dodging
 13291 | Lair:2   | Found a staircase to the Shoals.
 13292 | Lair:2   | Got a faintly humming ring mail
 13293 | Lair:2   | Identified the +1 ring mail "Liulih" {*Contam Dex+6} (You found it on level 2 of the Lair of Beasts)
 13495 | Lair:2   | Reached skill level 7 in Invocations
 13945 | Lair:3   | Noticed a six-headed hydra
 13957 | Lair:3   | Reached skill level 3 in Translocations
 14210 | Lair:3   | Killed a six-headed hydra
 14210 | Lair:3   | Reached skill level 9 in Armour
 14215 | Lair:3   | Reached XP level 13. HP: 50/83 MP: 11/18
 14424 | Lair:3   | Reached skill level 3 in Summonings
 14468 | Lair:3   | Reached skill level 9 in Shields
 14520 | Lair:3   | Found the +8 whip "Snakebite" {curare, rPois}
 15146 | Lair:4   | Reached skill level 4 in Dodging
 15183 | Lair:4   | Received a gift from Okawaru
 15183 | Lair:4   | Reached skill level 11 in Fighting
 15203 | Lair:4   | Found a staircase to the Snake Pit.
 15978 | Lair:5   | Found an ornate altar of the Wu Jian Council.
 16015 | Lair:5   | Learned a level 2 spell: Shroud of Golubria
 16019 | Lair:5   | Learned a level 3 spell: Regeneration
 16498 | Lair:5   | Reached skill level 8 in Invocations
 16531 | Lair:5   | Noticed Rupert
 16535 | Lair:5   | Paralysed by Rupert for 6 turns
 16566 | Lair:5   | Killed Rupert
 16566 | Lair:5   | Reached skill level 1 in Charms
 16566 | Lair:5   | Reached skill level 1 in Necromancy
 17122 | Lair:5   | Found a viscous altar of Jiyva.
 17123 | Lair:5   | Found a staircase to the Slime Pits.
 17304 | Lair:6   | Entered Level 6 of the Lair of Beasts
 17516 | Lair:6   | Reached skill level 2 in Charms
 17684 | Lair:6   | Reached skill level 2 in Necromancy
 17705 | Lair:6   | Reached skill level 4 in Spellcasting
 17705 | Lair:6   | Reached skill level 4 in Summonings
 17775 | Lair:6   | Reached skill level 10 in Armour
 17873 | Lair:6   | Reached skill level 10 in Shields
 17873 | Lair:6   | Gained mutation: Your large and strong wings let you fly indefinitely. [Gargoyle growth]
 17873 | Lair:6   | Reached XP level 14. HP: 58/90 MP: 13/20
 17878 | Lair:6   | Reached skill level 5 in Dodging
 18128 | Lair:6   | Reached skill level 3 in Charms
 18342 | Lair:6   | Reached skill level 3 in Necromancy
 18715 | Lair:6   | Reached skill level 5 in Spellcasting
 18715 | Lair:6   | Reached skill level 5 in Summonings
 18719 | Lair:6   | Reached skill level 12 in Fighting
 18739 | Lair:6   | Reached skill level 4 in Charms
 19052 | Lair:6   | Reached skill level 4 in Necromancy
 19286 | Lair:6   | Received a gift from Okawaru
 19840 | D:11     | Reached skill level 11 in Shields
 19941 | D:12     | Found a sacrificial altar of Ru.
 20059 | D:12     | Got a shimmering chain mail
 20256 | Orc:1    | Entered Level 1 of the Orcish Mines
 20335 | Orc:2    | Entered Level 2 of the Orcish Mines
 20472 | Orc:2    | Received a gift from Okawaru
 20535 | Orc:2    | Noticed Maurice
 20569 | Orc:2    | Killed Maurice
 20755 | Orc:2    | Reached skill level 5 in Charms
 21178 | Orc:1    | Found a bloodstained altar of Trog.
 21335 | Orc:1    | Found Ujiev's Armour Shop.
 21396 | Orc:1    | Found a roughly hewn altar of Beogh.
 21526 | Orc:2    | Reached XP level 15. HP: 83/97 MP: 19/22
 21764 | Orc:2    | Reached skill level 5 in Necromancy
 21830 | Orc:2    | Found Zaschoupn's Antique Armour Boutique.
 21830 | Orc:2    | Found Xoucaugoha's General Store.
 21830 | Orc:2    | Found Kubeze's Antique Weapon Shoppe.
 22083 | Orc:2    | Received a gift from Okawaru
 22209 | Orc:2    | Reached skill level 9 in Invocations
 22293 | Orc:2    | Found a staircase to the Elven Halls.
 22358 | Orc:2    | Reached skill level 13 in Fighting
 22370 | Orc:2    | Found Dicaukaz's Weapon Shop.
 22388 | Orc:2    | Bought a pair of faintly glowing boots for 313 gold pieces
 22400 | Orc:2    | Identified the +1 pair of boots "Yloppe" {Slay+3} (You bought it in a shop on level 2 of the Orcish Mines)
 22865 | D:13     | Reached skill level 1 in Throwing
 22871 | D:13     | Reached skill level 1 in Evocations
 23018 | D:13     | Received a gift from Okawaru
 23019 | D:13     | Got a distressingly furry plate armour {god gift}
 23060 | D:13     | Identified the +1 chain mail of the Eternal Fruit {Dex+7} (You found it on level 12 of the Dungeon)
 23359 | D:13     | Reached skill level 5 in Stealth
 23359 | D:13     | Reached skill level 12 in Shields
 23388 | D:13     | Found a gate to the Vaults.
 23474 | D:13     | Found a blossoming altar of Fedhas.
 23764 | D:13     | Noticed Nessos
 23780 | D:13     | Killed Nessos
 23780 | D:13     | Reached skill level 2 in Throwing
 23780 | D:13     | Reached skill level 2 in Evocations
 23871 | D:14     | Found a flickering gateway to a bazaar.
 23900 | Bazaar   | Entered a bazaar
 23900 | Bazaar   | Found Vicij's Antique Armour Shop.
 23926 | Bazaar   | Found Gussuapo's Antique Weapon Shop.
 23946 | Bazaar   | Found Bicwied's General Store.
 23968 | Bazaar   | Bought a fine chain mail for 199 gold pieces
 23968 | Bazaar   | Bought an ancient scale mail for 189 gold pieces
 23968 | Bazaar   | Bought a faintly glowing plate armour for 588 gold pieces
 23982 | Bazaar   | Bought a scroll of blinking for 112 gold pieces
 24000 | D:14     | Identified the +4 scale mail of Apaip {Int+3} (You bought it in a shop in a bazaar)
 24623 | D:15     | Entered Level 15 of the Dungeon
 24627 | D:15     | Got a polished chain mail
 24833 | D:15     | Found a frozen archway.
 24877 | D:15     | Reached skill level 3 in Throwing
 24902 | IceCv    | Entered an ice cave
 24936 | IceCv    | Found a transporter.
 24970 | IceCv    | Reached skill level 3 in Evocations
 25630 | D:15     | Received a gift from Okawaru
 25709 | D:15     | Received a gift from Okawaru
 25742 | D:15     | Found a staircase to the Depths.
 26049 | Snake:1  | Entered Level 1 of the Snake Pit
 26057 | Snake:1  | Reached XP level 16. HP: 95/105 MP: 19/23
 26115 | Snake:1  | Noticed Aizul
 26145 | Snake:1  | Killed Aizul
 26145 | Snake:1  | Reached skill level 6 in Charms
 26320 | Snake:1  | Reached skill level 6 in Necromancy
 26478 | Snake:1  | Reached skill level 14 in Fighting
 26610 | Snake:1  | Reached ****** piety under Okawaru
 26963 | Snake:1  | Received a gift from Okawaru
 26963 | Snake:1  | Reached skill level 13 in Shields
 26964 | Snake:1  | Got a shimmering crystal plate armour {god gift}
 27656 | Snake:2  | Reached skill level 7 in Charms
 27825 | Snake:2  | Identified the +3 chain mail of Classification {rCorr Str+4 Int+3} (You bought it in a shop in a bazaar)
 28541 | Snake:3  | Reached skill level 7 in Necromancy
 28782 | Snake:2  | Learned a level 2 spell: Song of Slaying
 29290 | Snake:3  | Reached skill level 14 in Shields
 29293 | Snake:3  | Received a gift from Okawaru
 29293 | Snake:3  | Reached skill level 15 in Fighting
 29566 | Snake:3  | Found Faidwa's Jewellery Shop.
 29566 | Snake:3  | Found Xusuc's Gadget Shoppe.
 29567 | Snake:3  | Found Diacro's Gadget Shoppe.
 29578 | Snake:3  | Bought a +3 amulet of reflection for 188 gold pieces
 29808 | Shoals:1 | Entered Level 1 of the Shoals
 29938 | Shoals:1 | Noticed Roxanne
 29982 | Shoals:1 | Reached XP level 17. HP: 113/113 MP: 24/24
 30085 | Shoals:1 | Found Lurphajue's Magic Scroll Emporium.
 30255 | Shoals:1 | Reached skill level 15 in Shields
 30716 | Shoals:2 | Received a gift from Okawaru
 30741 | Shoals:2 | Got a jewelled mace {god gift}
 30882 | Shoals:2 | Reached skill level 6 in Stealth
 30921 | Shoals:2 | Identified the +7 chain mail of Qeschoylu {Str+2 Dex+5} (You found it on level 15 of the Dungeon)
 31292 | Shoals:2 | Reached skill level 4 in Throwing
 31540 | Shoals:2 | Received a gift from Okawaru
 31545 | Shoals:2 | Noticed a titan
 31572 | Shoals:2 | Killed a titan
 31572 | Shoals:2 | Reached skill level 6 in Dodging
 31827 | Shoals:2 | Identified the +9 mace of the Grey Skies {crush, Str+2} (Okawaru gifted it to you on level 2 of the Shoals)
 31887 | Shoals:3 | Reached skill level 7 in Stealth
 31942 | Shoals:3 | Reached skill level 11 in Armour
 32055 | Shoals:3 | Noticed Polyphemus
 32079 | Shoals:3 | Killed Polyphemus
 32079 | Shoals:3 | Received a gift from Okawaru
 32157 | Shoals:3 | Reached skill level 5 in Throwing
 32445 | Shoals:2 | Learned a level 3 spell: Call Canine Familiar
 32719 | Shoals:3 | Noticed Nikola
 32813 | Shoals:3 | Killed Nikola
 32813 | Shoals:3 | Received a gift from Okawaru
 32813 | Shoals:3 | Reached skill level 8 in Stealth
 33245 | Lair:1   | Identified the +17 crystal plate armour "Vafofful" {Str+8 Dex-5} (Okawaru gifted it to you on level 1 of the Snake Pit)
 33502 | Elf:1    | Entered Level 1 of the Elven Halls
 33627 | Elf:1    | Found Fuak's Gadget Shop.
 33653 | Elf:1    | Reached XP level 18. HP: 118/119 MP: 26/26
 33886 | Elf:1    | Identified the Almanac of Arcane Weapons
 34054 | Elf:1    | Reached skill level 7 in Dodging
 34268 | Elf:1    | Reached skill level 6 in Throwing
 34316 | Elf:1    | Received a gift from Okawaru
 34328 | Elf:1    | Reached skill level 6 in Summonings
 34966 | Elf:2    | Reached skill level 6 in Spellcasting
 34977 | Elf:2    | Received a gift from Okawaru
 35070 | Elf:2    | Reached skill level 9 in Stealth
 35180 | Elf:2    | Noticed Azrael
 35205 | Elf:2    | Killed Azrael
 35327 | Elf:2    | Found a gateway to a bazaar.
 35378 | Bazaar   | Entered a bazaar
 35391 | Bazaar   | Found Leurpheu's Antique Armour Emporium.
 35391 | Bazaar   | Found Ytrutul's Armour Emporium.
 35427 | Bazaar   | Found Naipnaps's Book Shoppe.
 35427 | Bazaar   | Found Zynykh's Distillery.
 35445 | Bazaar   | Bought a potion of haste for 110 gold pieces
 35445 | Bazaar   | Bought a potion of heal wounds for 55 gold pieces
 35445 | Bazaar   | Bought a potion of haste for 110 gold pieces
 35445 | Bazaar   | Bought a potion of heal wounds for 55 gold pieces
 35464 | Bazaar   | Bought a fine leather armour for 105 gold pieces
 35508 | Elf:2    | Reached skill level 12 in Armour
 35537 | Elf:2    | Found a runed gate.
 35537 | Elf:2    | Found a runed gate.
 35537 | Elf:2    | Found a runed gate.
 36057 | Elf:2    | Noticed a deep elf blademaster
 36080 | Elf:2    | Killed a deep elf blademaster
 36080 | Elf:2    | Reached skill level 7 in Throwing
 36154 | Elf:2    | Reached skill level 7 in Summonings
 36163 | Elf:2    | Received a gift from Okawaru
 36163 | Elf:2    | Reached skill level 7 in Spellcasting
 36629 | D:7      | Bought a pair of embroidered gloves for 172 gold pieces
 36887 | Shoals:3 | Learned a level 5 spell: Aura of Abjuration
 36910 | Shoals:4 | Entered Level 4 of the Shoals
 36935 | Shoals:4 | Reached skill level 8 in Dodging
 37034 | Shoals:4 | Identified the cursed +1 leather armour "Wuik" {*Slow rElec Str-5 Int+6} (You bought it in a shop in a bazaar)
 37066 | Shoals:4 | Got a barnacled rune of Zot
 37087 | Shoals:4 | Reached XP level 19. HP: 124/124 MP: 29/29
 37285 | Vaults:1 | Entered Level 1 of the Vaults
 37488 | Vaults:1 | Reached skill level 8 in Throwing
 37677 | Vaults:1 | Reached skill level 13 in Armour
 37849 | Vaults:1 | Reached skill level 9 in Dodging
 37893 | Vaults:1 | Noticed an Ice Fiend
 37905 | Vaults:1 | HP: 30/124 [two-headed ogre/giant spiked club (16)]
 38185 | Vaults:1 | Received a gift from Okawaru
 38383 | Vaults:1 | Received a gift from Okawaru
 38383 | Vaults:1 | Reached skill level 9 in Throwing
 38799 | Vaults:1 | Received a gift from Okawaru
 38800 | Vaults:1 | Found the +6 shillelagh "Devastator" {shatter}
 39201 | Orc:2    | Bought quicksilver dragon scales for 1980 gold pieces
 39767 | Vaults:2 | Reached skill level 14 in Armour
 39923 | Vaults:2 | Reached skill level 10 in Dodging
 40031 | Vaults:2 | Received a gift from Okawaru
 40055 | Vaults:2 | Reached skill level 10 in Throwing
 40055 | Vaults:2 | Reached XP level 20. HP: 118/129 MP: 25/30
 40673 | Vaults:2 | Reached skill level 15 in Armour
 41330 | Vaults:3 | Received a gift from Okawaru
 41331 | Vaults:3 | Got an ancient morningstar {god gift}
 41723 | Vaults:3 | Noticed Mara
 41728 | Vaults:3 | Reached skill level 8 in Spellcasting
 41740 | Vaults:3 | Noticed sankara's illusion
 41771 | Vaults:3 | HP: 19/129 [ice dragon/blast of cold (33)]
 41778 | Vaults:3 | HP: 27/129 [ice dragon/blast of cold (23)]
 42067 | Vaults:3 | Received a gift from Okawaru
 42069 | Vaults:3 | Got a bloodstained scale mail {god gift}
 42709 | Vaults:3 | Killed Mara
 42709 | Vaults:3 | Reached skill level 8 in Charms
 42787 | Vaults:3 | Reached skill level 9 in Spellcasting
 42846 | Vaults:3 | Reached skill level 8 in Necromancy
 42859 | Vaults:3 | Noticed Margery
 42889 | Vaults:3 | HP: 19/130 [Margery/fireball (34)]
 42894 | Vaults:3 | HP: 11/130 [deep elf archer/arrow (3)]
 43143 | Vaults:3 | Killed Margery
 43603 | Vaults:3 | Found a staircase to the Crypt.
 43612 | Vaults:3 | Reached XP level 21. HP: 136/136 MP: 34/34
 44023 | Vaults:4 | Reached skill level 10 in Spellcasting
 44145 | Vaults:4 | Found Vuorosuchi's Weapon Shoppe.
 44146 | Vaults:4 | Noticed Sojobo
 44214 | Vaults:4 | Killed Sojobo
 44214 | Vaults:4 | Received a gift from Okawaru
 44214 | Vaults:4 | Reached skill level 16 in Fighting
 44214 | Vaults:4 | Reached skill level 9 in Charms
 44219 | Vaults:4 | Received a gift from Okawaru
 44690 | Vaults:4 | Reached skill level 9 in Necromancy
 45239 | Vaults:4 | Received a gift from Okawaru
 45434 | Vaults:4 | Received a gift from Okawaru
 45667 | Lair:1   | Identified the +1 scale mail "Hajaell" {Regen+ Int+4} (Okawaru gifted it to you on level 3 of the Vaults)
 45682 | Lair:1   | Identified the +2 morningstar "Xuviv" {holy, +Fly Int+2} (Okawaru gifted it to you on level 3 of the Vaults)
 46024 | Shoals:4 | Received a gift from Okawaru
 46031 | Shoals:4 | Noticed Ilsuiw
 46045 | Shoals:4 | Reached skill level 10 in Charms
 46101 | Shoals:4 | Killed Ilsuiw
 46205 | Shoals:4 | Found Enawecva's Food Boutique.
 46216 | Shoals:4 | Received a gift from Okawaru
 46274 | Shoals:4 | Reached skill level 10 in Necromancy
 46496 | Shoals:4 | Received a gift from Okawaru
 46496 | Shoals:4 | Reached skill level 17 in Fighting
 46751 | Shoals:4 | Got a bloodstained cloak
 47642 | Lair:1   | Identified the +3 cloak of the Depths {rElec rN+ Dex-4} (You found it on level 4 of the Shoals)
 47703 | Lair:1   | Learned a level 3 spell: Portal Projectile
 47830 | Snake:4  | Entered Level 4 of the Snake Pit
 47879 | Snake:4  | Noticed Armakuni's ghost (journeyman DrWz)
 47909 | Snake:4  | Killed Armakuni's ghost
 48122 | Snake:4  | Found Gisudgh's Food Shop.
 48125 | Snake:4  | Reached XP level 22. HP: 144/144 MP: 27/36
 48602 | Snake:4  | Reached skill level 4 in Translocations
 48602 | Snake:4  | Reached skill level 4 in Evocations
 48900 | Snake:4  | Got a serpentine rune of Zot
 49525 | Elf:2    | Learned a level 5 spell: Summon Demon
 49526 | Elf:3    | Entered Level 3 of the Elven Halls
 49847 | Elf:3    | Noticed Saint Roka
 49886 | Elf:3    | Killed Saint Roka
 49886 | Elf:3    | Reached skill level 8 in Summonings
 49886 | Elf:3    | Reached skill level 10 in Invocations
 50135 | Elf:3    | Noticed Donald
 50183 | Elf:3    | Killed Donald
 50183 | Elf:3    | Received a gift from Okawaru
 50196 | Elf:3    | Reached skill level 5 in Translocations
 50198 | Elf:3    | Reached skill level 5 in Evocations
 50281 | Elf:3    | Received a gift from Okawaru
 50603 | Elf:3    | Received a gift from Okawaru
 50611 | Elf:3    | Reached skill level 9 in Summonings
 51037 | Elf:3    | Received a gift from Okawaru
 51048 | Elf:3    | Reached skill level 18 in Fighting
 51489 | Elf:3    | Reached skill level 10 in Summonings
 51749 | Elf:3    | Identified the +0 scale mail of Supple Strength {rN++ Int-3 Dex+3 Stlth+} (You found it on level 3 of the Elven Halls)
 51875 | Elf:3    | Identified the Tome of Conjuration
 51899 | Elf:3    | Identified the Tome of Damaging Unholy Arts
 52332 | Lair:1   | Identified the +6 plate armour "Vuxkuc" {rElec Int+3} (You bought it in a shop in a bazaar)
 52334 | Lair:1   | Identified the +4 plate armour "Yliqarit" {+Blink} (Okawaru gifted it to you on level 13 of the Dungeon)
 52463 | Depths:1 | Entered Level 1 of the Depths
 52466 | Depths:1 | Noticed a golden dragon
 52472 | D:15     | Reached skill level 1 in Conjurations
 52516 | D:15     | Reached skill level 2 in Conjurations
 52567 | D:15     | Killed a golden dragon
 52567 | D:15     | Reached skill level 3 in Conjurations
 52567 | D:15     | Reached XP level 23. HP: 150/153 MP: 2/37
 52592 | D:15     | Reached skill level 4 in Conjurations
 52747 | D:15     | Reached skill level 5 in Conjurations
 52789 | Depths:1 | Reached skill level 6 in Conjurations
 52881 | Depths:1 | Learned a level 4 spell: Summon Lightning Spire
 52888 | Depths:1 | Learned a level 6 spell: Deflect Missiles
 52893 | Depths:1 | Learned a level 4 spell: Animate Dead
 53022 | Depths:1 | Found a gateway to a ziggurat.
 53213 | Depths:1 | Reached skill level 19 in Fighting
 53213 | Depths:1 | Reached skill level 7 in Conjurations
 53213 | Depths:1 | Reached skill level 1 in Air Magic
 53336 | Depths:1 | Reached skill level 2 in Air Magic
 53387 | Depths:1 | Received a gift from Okawaru
 53633 | Depths:1 | Found a gateway to Hell.
 53946 | Depths:2 | Found a one-way gate to the infinite horrors of the Abyss.
 53947 | Depths:2 | Noticed Louise
 53969 | Depths:2 | Killed Louise
 54028 | Depths:2 | Reached skill level 3 in Air Magic
 54103 | Depths:2 | Received a gift from Okawaru
 54314 | Depths:2 | Noticed Jorgrun
 54320 | Depths:2 | HP: 7/155 [Jorgrun/Shatter (60)]
 54362 | Depths:2 | Killed Jorgrun
 54535 | Depths:2 | Received a gift from Okawaru
 54535 | Depths:2 | Reached skill level 4 in Air Magic
 54540 | Depths:2 | Identified the +6 demon blade of Greed {pain, +Blink rF+ MR- Dex+2} (Okawaru gifted it to you on level 2 of the Depths)
 55092 | Depths:2 | Reached skill level 5 in Air Magic
 55255 | Depths:2 | Reached skill level 8 in Conjurations
 55300 | Depths:2 | Found an iron altar of Okawaru.
 55316 | Depths:2 | Identified the +0 helmet of the Gastropod {rC+} (You found it on level 2 of the Depths)
 55741 | Depths:3 | Received a gift from Okawaru
 55771 | Depths:3 | Reached skill level 1 in Hexes
 55877 | Depths:3 | Reached skill level 20 in Fighting
 56022 | Depths:3 | Noticed Bai Suzhen
 56024 | Depths:3 | Noticed Boris
 56156 | Depths:2 | Killed Bai Suzhen
 56277 | Depths:3 | Reached skill level 9 in Conjurations
 56464 | Depths:3 | Killed Boris
 56464 | Depths:3 | Reached skill level 2 in Hexes
 56708 | Depths:2 | Reached XP level 24. HP: 161/163 MP: 12/37
 56978 | Depths:2 | HP: 36/163 [deep troll shaman (7)]
 56990 | Depths:2 | HP: 30/163 [deep troll (5)]
 57487 | Depths:3 | Reached skill level 10 in Stealth
 57487 | Depths:3 | Reached skill level 3 in Hexes
 57490 | Depths:3 | Reached skill level 10 in Conjurations
 57515 | Depths:3 | Reached skill level 6 in Air Magic
 57702 | Depths:3 | Found a one-way gate leading to the halls of Pandemonium.
 58382 | Depths:3 | Received a gift from Okawaru
 58756 | Depths:4 | Reached skill level 11 in Conjurations
 58800 | Depths:4 | Received a gift from Okawaru
 58850 | Depths:4 | Found Suwaosche's Gadget Boutique.
 58869 | Depths:4 | Reached skill level 11 in Dodging
 58871 | Depths:4 | Reached skill level 7 in Air Magic
 59033 | Depths:4 | Found Pappamos's Distillery.
 59547 | Depths:4 | Found a runed door.
 59549 | Depths:4 | Noticed a caustic shrike
 59648 | Depths:4 | Killed a caustic shrike
 59673 | Depths:4 | Reached skill level 12 in Dodging
 59686 | Depths:4 | Identified the Almanac of Aerial Dislocation
 59688 | Depths:4 | Identified the Papyrus of Glacial Dark Magic
 59857 | Depths:5 | Entered Level 5 of the Depths
 60445 | Depths:5 | Noticed a caustic shrike
 60621 | Depths:5 | Reached skill level 12 in Conjurations
 60676 | Depths:5 | Found a gate to the Realm of Zot.
 60936 | Depths:5 | Received a gift from Okawaru
 61201 | Depths:5 | Killed a caustic shrike
 61215 | Depths:5 | Reached skill level 11 in Spellcasting
 61232 | Depths:5 | Reached XP level 25. HP: 166/168 MP: 4/38
 61463 | Lair:1   | Learned a level 5 spell: Bolt of Draining
 61817 | Crypt:1  | Entered Level 1 of the Crypt
 62327 | Crypt:1  | Noticed Boris
 62349 | Crypt:1  | Killed Boris
 62706 | Crypt:2  | Reached skill level 6 in Translocations
 63315 | Crypt:2  | Reached skill level 13 in Dodging
 63799 | Crypt:2  | Learned a level 5 spell: Summon Forest
 64089 | Vaults:5 | Entered Level 5 of the Vaults
 64107 | Vaults:5 | Received a gift from Okawaru
 64108 | Vaults:5 | Found the +3 sling "Punk" {acid, rCorr}
 64151 | Vaults:4 | Reached skill level 7 in Translocations
 64241 | Vaults:5 | Reached skill level 12 in Spellcasting
 64425 | Vaults:5 | Reached skill level 8 in Air Magic
 64452 | Vaults:5 | Gained mutation: Your body sometimes deteriorates upon taking damage. [a shining eye]
 64478 | Vaults:5 | Received a gift from Okawaru
 64492 | Vaults:5 | Noticed an ancient lich
 64516 | Vaults:5 | Killed an ancient lich
 64516 | Vaults:5 | Reached skill level 8 in Translocations
 64639 | Vaults:5 | Got a silver rune of Zot
 64643 | Vaults:5 | Got a fine leather armour
 64644 | Vaults:5 | Identified the +3 leather armour "Ykangy Cotu" {Slay+2} (You found it on level 5 of the Vaults)
 64752 | Vaults:5 | Noticed an ancient lich
 64789 | Vaults:5 | Noticed an ancient lich
 64820 | Vaults:5 | Killed an ancient lich
 64820 | Vaults:5 | Reached skill level 9 in Translocations
 64820 | Vaults:5 | Reached XP level 26. HP: 88/174 MP: 18/39
 64827 | Vaults:5 | Received a gift from Okawaru
 64827 | Vaults:5 | Reached skill level 13 in Spellcasting
 64849 | Vaults:5 | HP: 41/174 [ancient lich/bolt of acid (52)]
 65020 | Vaults:5 | Received a gift from Okawaru
 65233 | Vaults:5 | Received a gift from Okawaru
 65268 | Vaults:5 | Reached skill level 10 in Translocations
 65276 | Vaults:5 | Received a gift from Okawaru
 65331 | Vaults:5 | HP: 42/174 [shadow dragon (3)]
 65331 | Vaults:5 | HP: 20/174 [frost giant/bolt of cold (18)]
 65576 | Vaults:5 | Received a gift from Okawaru
 65861 | Vaults:5 | Received a gift from Okawaru
 65861 | Vaults:5 | Reached skill level 14 in Spellcasting
 66126 | Vaults:5 | Killed an ancient lich
 66126 | Vaults:5 | Received a gift from Okawaru
 66126 | Vaults:5 | Reached skill level 14 in Dodging
 66486 | Vaults:5 | Learned a level 3 spell: Gell's Gravitas
 66493 | Vaults:5 | Learned a level 6 spell: Shadow Creatures
 66683 | Crypt:3  | Entered Level 3 of the Crypt
 66853 | Crypt:3  | Reached skill level 13 in Conjurations
 67066 | Crypt:3  | Received a gift from Okawaru
 67091 | Crypt:3  | Got a smoking hunting sling {god gift}
 67092 | Crypt:3  | Identified the +5 hunting sling of Profit {freeze, rN+} (Okawaru gifted it to you on level 3 of the Crypt)
 67260 | Crypt:3  | Found the cursed +13 scythe of Curses {drain, *Curse}
 67629 | Crypt:3  | Identified the +7 plate armour of Jequpto {Int+4 Dex+2} (You found it on level 3 of the Crypt)
 67746 | Crypt:3  | Identified the +1 pair of boots "Fyustipt" {-Tele rC+ Regen+ Str+2 SInv} (You found it on level 3 of the Crypt)
 67873 | Crypt:3  | Identified the +0 pair of boots of Juips {MR+ Int+3} (You found it on level 3 of the Crypt)
 68025 | Crypt:3  | Reached skill level 6 in Evocations
 68281 | Crypt:3  | Noticed an ancient lich
 68305 | Crypt:3  | Killed an ancient lich
 68328 | Crypt:3  | Found a staircase to the Tomb.
 68453 | Crypt:3  | Found an ancient bone altar of Kikubaaqudgha.
 68470 | Crypt:3  | Received a gift from Okawaru
 68488 | Crypt:3  | Identified the +5 scale mail of the Poles {rC+ MP+9 Slay+2} (Okawaru gifted it to you on level 3 of the Crypt)
 68499 | Crypt:3  | Identified the ring of Udwim {rPois rN+ Str+4 Dex-4 SInv} (You found it on level 3 of the Crypt)
 68500 | Crypt:3  | Identified the ring of Okawaru's Pride {rN+ Dex+4} (You found it on level 3 of the Crypt)
 68505 | Crypt:3  | Identified the ring "Tobeoteu" {rF+ rN+ Str+7} (You found it on level 3 of the Crypt)
 68554 | Crypt:3  | Noticed an ancient lich
 68652 | Crypt:3  | Killed an ancient lich
 69123 | Lair:1   | Lost mutation: Your body sometimes deteriorates upon taking damage. [potion of mutation]
 69123 | Lair:1   | Gained mutation: You have large cloven feet. [potion of mutation]
 69123 | Lair:1   | Gained mutation: Your spells are a little harder to cast, but a little more powerful. [potion of mutation]
 69123 | Lair:1   | Gained mutation: You have a pair of small horns on your head. [potion of mutation]
 69123 | Lair:1   | Gained mutation: Your flesh is heat resistant. (rF+) [potion of mutation]
 69441 | Zot:1    | Entered Level 1 of the Realm of Zot
 69530 | Zot:1    | Reached XP level 27. HP: 168/179 MP: 9/41
 69794 | Zot:1    | Reached skill level 15 in Spellcasting
 69841 | Zot:1    | Reached skill level 11 in Invocations
 70364 | Zot:2    | Reached skill level 7 in Evocations
 70570 | Zot:2    | Reached skill level 11 in Summonings
 70794 | Zot:2    | Identified the Reference Book on Shifting Ice
 71216 | Zot:3    | Received a gift from Okawaru
 71231 | Zot:3    | Reached skill level 8 in Evocations
 71432 | Zot:3    | Reached skill level 12 in Invocations
 71489 | Zot:3    | Identified the +3 morningstar of Xuimevuc {flame, rPois rC+ Str+3} (Okawaru gifted it to you on level 3 of the Realm of Zot)
 71690 | Zot:3    | Reached skill level 15 in Dodging
 72006 | Zot:3    | Received a gift from Okawaru
 72115 | Zot:3    | Reached skill level 12 in Summonings
 72115 | Zot:3    | Reached skill level 9 in Evocations
 72380 | Zot:4    | Received a gift from Okawaru
 72409 | Zot:4    | HP: 39/179 [yellow draconian/trident (11)]
 72856 | Zot:4    | Reached skill level 10 in Evocations
 72943 | Zot:4    | Reached skill level 13 in Summonings
 73008 | Zot:4    | Was placed under penance by Okawaru
 73547 | Temple   | Fell from the grace of Okawaru
 73547 | Temple   | Became a worshipper of the Shining One
 74343 | Depths:2 | Learned a level 4 spell: Leda's Liquefaction
 74359 | Depths:2 | Voluntarily entered the Abyss.
 74420 | Depths:2 | Escaped the Abyss
 74723 | Snake:4  | Bought a ration for 65 gold pieces
 74723 | Snake:4  | Bought a ration for 65 gold pieces
 74723 | Snake:4  | Bought a ration for 65 gold pieces
 74723 | Snake:4  | Bought a ration for 65 gold pieces
 74723 | Snake:4  | Bought a ration for 65 gold pieces
 74723 | Snake:4  | Bought a ration for 65 gold pieces
 74723 | Snake:4  | Bought a ration for 65 gold pieces
 74723 | Snake:4  | Bought a ration for 65 gold pieces
 74723 | Snake:4  | Bought a ration for 65 gold pieces
 74723 | Snake:4  | Bought a ration for 65 gold pieces
 75039 | Depths:4 | Bought a potion of curing for 45 gold pieces
 75039 | Depths:4 | Bought 2 potions of heal wounds for 150 gold pieces
 75039 | Depths:4 | Bought a potion of heal wounds for 75 gold pieces
 75039 | Depths:4 | Bought a potion of resistance for 150 gold pieces
 75039 | Depths:4 | Bought a potion of curing for 45 gold pieces
 75039 | Depths:4 | Bought a potion of resistance for 150 gold pieces
 75039 | Depths:4 | Bought a potion of mutation for 120 gold pieces
 75069 | Depths:4 | Voluntarily entered the Abyss.
 75172 | Abyss:1  | Reached skill level 1 in Earth Magic
 75262 | Abyss:1  | Reached skill level 2 in Earth Magic
 75295 | Abyss:1  | Reached * piety under the Shining One
 75362 | Abyss:1  | Reached skill level 3 in Earth Magic
 75497 | Depths:4 | Escaped the Abyss
 75857 | Depths:4 | Voluntarily entered the Abyss.
 75883 | Abyss:1  | Found an ornate altar of the Wu Jian Council.
 75917 | Abyss:1  | Reached skill level 4 in Earth Magic
 75996 | Abyss:1  | Reached ** piety under the Shining One
 76208 | Abyss:1  | Reached skill level 5 in Earth Magic
 76348 | Abyss:1  | Gained mutation: Your body sometimes deteriorates upon taking damage. [a neqoxec]
 76475 | Abyss:1  | Reached skill level 6 in Earth Magic
 76585 | Abyss:1  | Reached *** piety under the Shining One
 76790 | Abyss:1  | Gained mutation: Armour fits poorly on your strangely shaped body. [a neqoxec]
 76793 | Abyss:1  | Reached skill level 7 in Earth Magic
 76886 | Abyss:1  | Reached **** piety under the Shining One
 77066 | Abyss:1  | Reached skill level 8 in Earth Magic
 77099 | Abyss:1  | Reached ***** piety under the Shining One
 77150 | Abyss:1  | Reached skill level 14 in Summonings
 77253 | Abyss:1  | Reached skill level 9 in Earth Magic
 77400 | Abyss:2  | Found a corrupted altar of Lugonu.
 77554 | Abyss:3  | Reached skill level 10 in Earth Magic
 77782 | Abyss:3  | Gained mutation: Your body often deteriorates upon taking damage. [a neqoxec]
 77788 | Abyss:3  | Gained mutation: You have a somewhat thin skeletal structure. (Dex +2, Stealth) [a neqoxec]
 77880 | Abyss:3  | Gained mutation: Scrolls take you a little longer to read. [a neqoxec]
 77955 | Abyss:3  | Reached ****** piety under the Shining One
 78116 | Abyss:3  | HP: 39/179 [starcursed mass/accursed screaming (8)]
 78121 | Abyss:3  | HP: 23/179 [smoke demon/divine providence (12)]
 78303 | Abyss:3  | Found a corrupted altar of Lugonu.
 78320 | Abyss:3  | HP: 39/179 [starcursed mass/accursed screaming (7)]
 78324 | Abyss:3  | HP: 19/179 [rock wall collision[the fury of Okawaru] (2)]
 78362 | Abyss:3  | HP: 37/179 [starcursed mass/accursed screaming (11)]
 78362 | Abyss:3  | Paralysed by accursed screaming for 1 turns
 78379 | Abyss:3  | HP: 20/179 [starcursed mass/accursed screaming (12)]
 78384 | Abyss:3  | HP: 34/179 [starcursed mass/accursed screaming (5)]
 78391 | Abyss:3  | HP: 18/179 [starcursed mass/accursed screaming (8)]
 78485 | Abyss:3  | Reached skill level 15 in Summonings
 78707 | Abyss:3  | Paralysed by accursed screaming for 1 turns
 78746 | Abyss:3  | Paralysed by accursed screaming for 1 turns
 78747 | Abyss:3  | HP: 34/179 [starcursed mass/accursed screaming (11)]
 78759 | Abyss:3  | HP: 2/179 [starcursed mass/accursed screaming (21)]
 78760 | Abyss:3  | Paralysed by accursed screaming for 2 turns
 78765 | Abyss:3  | HP: 5/179 [starcursed mass/accursed screaming (12)]
 78770 | Abyss:3  | HP: 14/179 [fire giant/fireball[the fury of Okawaru] (1)]
 78773 | Abyss:3  | HP: 6/179 [starcursed mass/accursed screaming (4)]
 78773 | Abyss:3  | The Shining One protects you from harm!
 78897 | Abyss:3  | Found a corrupted altar of Lugonu.
 79325 | Abyss:3  | Learned a level 3 spell: Recall
 79329 | Abyss:3  | Reached skill level 13 in Invocations
 79465 | Abyss:3  | Reached skill level 16 in Armour
 79495 | Abyss:3  | Paralysed by accursed screaming for 1 turns
 79508 | Abyss:3  | Paralysed by accursed screaming for 2 turns
 79528 | Abyss:3  | Got an abyssal rune of Zot
 79822 | Abyss:3  | Paralysed by accursed screaming for 1 turns
 79832 | Abyss:3  | Paralysed by accursed screaming for 1 turns
 79846 | Abyss:3  | HP: 24/179 [starcursed mass/accursed screaming (22)]
 79850 | Abyss:3  | HP: 9/179 [starcursed mass/accursed screaming (16)]
 79851 | Abyss:3  | Killed from afar by a starcursed mass

Vault maps used:
D:1:      roderic_dead_forest
D:2:      kennysheep_okawaru_gauntlet, minmay_split_cup_small, uniq_sigmund
D:3:      minmay_roachtagon, marbit_many_paths, grunt_dithmenos_smoke,
          nicolae_ru_awakened_eye, uniq_grinder, uniq_natasha, uniq_robin
D:4:      minmay_misc_feat_enclosed
D:5:      lemuel_upstairs_altar, lemuel_coloured_pillars_altar,
          nicolae_gozag_seed_capital, serial_shops, shop, first_ration
D:6:      minmay_temple_entry_enclosed_plants
D:7:      nicolae_overflow_hidden_temple, serial_shops, nicolae_shop_trees, shop
D:8:      serial_shops, shop
D:9:      kennysheep_kobold_camp
D:10:     minmay_the_grid_square_5x5_3x3, david_orc_4, serial_bayou,
          serial_bayou_shore_b, serial_bayou_pond_b, serial_bayou_shore_a,
          serial_bayou_lagoon_a, serial_shops, shop, uniq_nergalle
D:11:     minmay_lair_entry_lava, nicolae_trove_entry_crystal, uniq_sonja
D:12:     basic_altar
D:13:     hangedman_vaults_entry_quadrant_bands, basic_altar, uniq_nessos
D:14:     serial_shops, bzr_entry_safe, minmay_misc_feat_roman,
          blue_anna_alchemist
D:15:     gammafunk_enter_depths_forms, serial_glass, glass_columns_a,
          glass_columns_b, portal_ice_cave_entry_ice_beasts, minmay_orc_keep
Temple:   regret_index_temple_sphere_string
Lair:2:   minmay_shoals_entry_centaurs, lab_entry_generic, beast_lair_carwin_5
Lair:3:   minmay_guarded_unrand_snakebite
Lair:4:   guppyfry_snake_entry_garden
Lair:5:   slime_altar_1, basic_altar, serial_bayou_shore_b, lemuel_fruit_tree,
          uniq_rupert
Lair:6:   grunt_lair_end_beastmaster, bobbens_dragon_lair_wall
Shoals:1: serial_shops, nicolae_shop_stone, uniq_roxanne
Shoals:2: cheibrodos_shoals_gigantism
Shoals:3: nicolae_shoals_drake_roost, uniq_nikola, uniq_polyphemus
Shoals:4: shoals_end_grunt_garden, shoal_ilsuiw, serial_shops, shop
Snake:1:  grunt_ministairs_15, uniq_aizul
Snake:2:  cheibrodos_snake_lava_hold, nicolae_snake_linked_coils
Snake:3:  onia_ninara_swampy_vault, special_room, minmay_shop_grove
Snake:4:  minmay_snake_end_coiled, serial_shops, shop, grunt_ministairs_12,
          spider_trap
Orc:1:    serial_shops, shop, basic_altar, minmay_orc_temple_a
Orc:2:    st_orc_rangers, uniq_maurice
Elf:1:    minmay_elf_annihilation, minmay_shop_star
Elf:2:    serial_shops, bzr_entry_road, uniq_azrael
Elf:3:    minmay_elf_hall_quartered_circle,
          nicolae_elf_glass_and_crystal_pillar_1, minivault_24, uniq_saint_roka,
          uniq_donald
Vaults:1: hangedman_vaults_capsules, v_alt_pattern_1, vaults_mumra_hex,
          nicolae_vaults_little_squares_4,
          nicolae_vaults_windows_and_doors_thing, vaults_room_pools,
          nicolae_vaults_arrows, nicolae_vaults_twisting_passages,
          vaults_room_semicircle, v_rooms_3, nicolae_vaults_little_squares_3
Vaults:2: vaults_mumra_hexcomb, ontoclasm_vaults_spin, grunt_vaults_twisty,
          vaults_standard_mumra_lines, v_rooms_2, vaults_dpeg_diagonal,
          vaults_standard_mumra_enter_the_diamond, grunt_vaults_hallway_short,
          nicolae_vaults_shelves_hall
Vaults:3: ontoclasm_vaults_gallery, ontoclasm_vaults_ring_small,
          ontoclasm_vaults_ring_small, nicolae_vaults_big_ls,
          hangedman_vaults_locks, nicolae_vaults_network_square,
          grunt_vaults_swirl, hangedman_vaults_stream,
          ontoclasm_vaults_claustrophobia, ontoclasm_vaults_ring_square,
          minmay_crypt_entry_nasty_monster, serial_ice_g,
          nicolae_vaults_network_quinsquares, nicolae_vaults_shelves_hall,
          nicolae_vaults_asterisk, vaults_dpeg_hooks, uniq_margery, uniq_mara
Vaults:4: v_pattern_1, hangedman_vaults_corner,
          hangedman_vaults_stretched_pinwheel, hangedman_vaults_river_flow,
          ontoclasm_vaults_twist, v_misc_11, serial_ice_m, v_misc_13,
          vaults_room_grunt_arrival_checkpoint, vaults_room_hangedman_quadrants,
          serial_shops, shop, uniq_sojobo
Vaults:5: serial_shops
Crypt:1:  grunt_megastairs_1, grunt_crypt_arrival_split, uniq_boris
Crypt:3:  quadcrypt_mu
Depths:1: enter_ziggurat_d, serial_bayou, serial_bayou_lagoon_b,
          serial_bayou_pond_e, serial_bayou_shore_b, serial_bayou_lake_a,
          serial_bayou_pond_c, lemuel_statue_altar, grunt_metal_band,
          minmay_misc_feat_rows, nrook_pool_corridor, dk_noncrumbling_4,
          evilmike_ambush
Depths:2: evilmike_iron_armoury, nicolae_abyss_entry_one_way_or_another,
          kennysheep_minor_cross, hell_entry, patterned_corridor,
          infiniplex_staircase_diamond, uniq_jorgrun
Depths:3: minmay_mutant_horseshoe, rand_demon_pan_entry_5, hell_entry,
          dk_noncrumbling_2, uniq_boris, uniq_bai_suzhen
Depths:4: minmay_gate_of_8, serial_shops, statue_bzr, shop,
          nicolae_shop_window_shopping, abyss_entry, hell_entry, minivault_14
Depths:5: evilmike_zot_entry_round, hell_entry, lightli_corner_chamber
Zot:1:    st_stairs_9, hangedman_hellfire_club
Zot:4:    gammafunk_mikee_crab_dinner
Abyss:1:  minivault_25_ag
Abyss:2:  minivault_22, evilmike_abyss_exit_10
Bazaar:   bazaar_jpeg_cross, grunt_bazaar_doublecross
IceCv:    ice_cave_statue_garden_teleport

Skill      XL: |  1  2  3  4  5  6  7  8  9 10 11 12 13 14 15 16 17 18 19 20 21 22 23 24 25 26 27 |
---------------+----------------------------------------------------------------------------------+-----
Maces & Flails | 4 5 6 7 8 10 11 12 | 12.0
Fighting       | 4 5 6 7 8 9 10 11 12 13 15 17 18 20 | 20.0
Armour         | 4 5 7 8 9 10 11 12 14 15 16 | 16.1
Shields        | 4 5 6 7 8 10 11 12 14 15 | 15.0
Invocations    | 2 4 6 7 8 9 10 13 | 13.5
Stealth        | 1 4 5 8 9 10 | 10.0
Dodging        | 1 3 4 5 6 8 10 12 13 14 15 | 15.0
Spellcasting   | 1 3 4 5 7 9 10 11 12 14 15 | 15.0
Translocations | 1 3 5 9 10 | 10.0
Summonings     | 2 4 5 7 10 15 | 15.0
Charms         | 2 5 7 8 10 | 10.0
Necromancy     | 2 4 5 7 8 10 | 10.0
Throwing       | 3 5 7 10 | 10.0
Evocations     | 3 5 6 10 | 10.0
Conjurations   | 3 9 12 13 | 13.0
Air Magic      | 5 7 8 |  8.0
Hexes          | 2 3 |  3.0
Earth Magic    | 10 | 10.0

Action                   |  1- 3 |  4- 6 |  7- 9 | 10-12 | 13-15 | 16-18 | 19-21 | 22-24 | 25-27 || total
-------------------------+-------+-------+-------+-------+-------+-------+-------+-------+-------++-------
Melee: Flail             |   114 |   202 |   470 |  1055 |    62 |       |       |       |       ||  1903
       Whip              |       |       |       |       |  1603 |  1519 |    11 |       |  1581 ||  4714
       Demon whip        |       |       |       |       |       |   263 |  2065 |  2139 |  2127 ||  6594
       Shillelagh        |       |       |       |       |       |       |    12 |       |     9 ||    21
       Headbutt          |       |       |       |       |       |       |       |       |   744 ||   744
 Fire: Blowgun           |       |       |       |       |       |       |     9 |     7 |       ||    16
Throw: Javelin           |       |       |       |     3 |     8 |       |       |       |     1 ||    12
       Tomahawk          |       |       |       |       |     2 |       |       |       |       ||     2
 Cast: Call Imp          |       |       |       |     8 |    54 |    86 |    57 |    59 |       ||   264
       Shroud of Golubri |       |       |       |       |    39 |    54 |    74 |    87 |    70 ||   324
       Regeneration      |       |       |       |       |    19 |    89 |   102 |   122 |    72 ||   404
       Song of Slaying   |       |       |       |       |       |     1 |     8 |     4 |       ||    13
       Call Canine Famil |       |       |       |       |       |     6 |     8 |    21 |       ||    35
       Aura of Abjuratio |       |       |       |       |       |       |     6 |    14 |     5 ||    25
       Blink             |       |       |       |       |       |       |     1 |    16 |    12 ||    29
       Summon Demon      |       |       |       |       |       |       |       |   199 |   157 ||   356
       Animate Dead      |       |       |       |       |       |       |       |    32 |    37 ||    69
       Summon Lightning  |       |       |       |       |       |       |       |    16 |     4 ||    20
       Summon Forest     |       |       |       |       |       |       |       |       |     6 ||     6
       Deflect Missiles  |       |       |       |       |       |       |       |       |    12 ||    12
       Shadow Creatures  |       |       |       |       |       |       |       |       |    83 ||    83
       Bolt of Draining  |       |       |       |       |       |       |       |       |     1 ||     1
       Recall            |       |       |       |       |       |       |       |       |     2 ||     2
       Gell's Gravitas   |       |       |       |       |       |       |       |       |     2 ||     2
Invok: Heroism           |       |       |     7 |    17 |    26 |    18 |    13 |    14 |     7 ||   102
       Finesse           |       |       |       |     3 |     7 |     3 |     5 |     1 |     5 ||    24
       Summon Divine War |       |       |       |       |       |       |       |       |    20 ||    20
       Divine Shield     |       |       |       |       |       |       |       |       |     5 ||     5
       Cleansing Flame   |       |       |       |       |       |       |       |       |     2 ||     2
 Abil: Fly               |       |       |       |       |     1 |       |     1 |       |       ||     2
       Stop Flying       |       |       |       |       |       |       |     1 |       |       ||     1
Evoke: Lamp of fire      |       |       |       |       |       |       |     1 |       |       ||     1
       Wand              |       |       |       |       |       |       |       |     1 |     1 ||     2
  Use: Potion            |     4 |       |       |       |       |       |     2 |     4 |    13 ||    23
       Scroll            |       |     6 |     2 |    13 |    14 |    13 |     7 |    12 |    30 ||    97
 Stab: Distracted        |       |       |       |     1 |     3 |     7 |     2 |    26 |    37 ||    76
       Sleeping          |       |       |       |       |     5 |     7 |    10 |     4 |    11 ||    37
       Petrified         |       |       |       |       |    12 |       |       |       |       ||    12
       Petrifying        |       |       |       |       |     2 |       |       |       |       ||     2
       Paralysed         |       |       |       |       |       |       |    11 |     3 |       ||    14
       Invisible         |       |       |       |       |       |       |       |       |     3 ||     3
  Eat: Chunk             |     1 |     4 |    15 |    31 |    40 |    39 |    40 |    30 |     7 ||   207
       Ration            |       |       |       |       |     2 |     3 |     1 |    19 |    35 ||    60
Armor: Scale mail        |    47 |   198 |   166 |       |       |       |       |       |       ||   411
       Chain mail        |       |       |    54 |   224 |       |       |       |       |       ||   278
       Ring mail         |       |       |       |   286 |   497 |   521 |    84 |       |       ||  1388
       Quicksilver drago |       |       |       |       |       |       |   483 |   872 |  1083 ||  2438
       Fire dragon scale |       |       |       |       |       |       |    11 |       |       ||    11
Dodge: Dodged            |    31 |    97 |   114 |   334 |   448 |   404 |   561 |   744 |  1119 ||  3852
       Deflected         |       |       |       |       |       |       |       |       |    87 ||    87
Block: Shield            |    62 |   139 |   200 |   556 |   708 |   949 |  1175 |  1648 |  2486 ||  7923
       Reflection        |       |       |       |       |       |    89 |   117 |   153 |    86 ||   445
       Large shield      |       |       |       |       |       |       |       |    17 |       ||    17

Table legend:
 A = Spawn XP
 B = Non-spawn XP
 C = Spawn XP percentage of total XP
 D = Spawn monster count
 E = Non-spawn monster count
 F = Spawn count percentage of total count
 G = Total turns spent on level
                    A         B        C        D         E        F      G
               +---------+---------+-------+---------+---------+-------+---------
         Total |   96140 | 1497196 |   6.0 |     203 |    2645 |   7.1 | 79851
               +---------+---------+-------+---------+---------+-------+---------
           D:1 |       0 |      32 |   0.0 |       0 |      17 |   0.0 |   672
           D:2 |       0 |     313 |   0.0 |       0 |      35 |   0.0 |   870
           D:3 |       0 |     533 |   0.0 |       0 |      35 |   0.0 |  1132
           D:4 |       0 |     606 |   0.0 |       0 |      25 |   0.0 |   849
           D:5 |       0 |      66 |   0.0 |       0 |       8 |   0.0 |   714
           D:6 |       0 |     731 |   0.0 |       0 |      25 |   0.0 |   970
           D:7 |       0 |     527 |   0.0 |       0 |      11 |   0.0 |   948
           D:8 |       0 |    2747 |   0.0 |       0 |      36 |   0.0 |  1230
           D:9 |       0 |    2913 |   0.0 |       0 |      51 |   0.0 |  1703
          D:10 |       0 |    7876 |   0.0 |       0 |      67 |   0.0 |  2338
          D:11 |       0 |    3791 |   0.0 |       0 |      36 |   0.0 |  1334
          D:12 |       0 |    1750 |   0.0 |       0 |      20 |   0.0 |  1168
          D:13 |       0 |   12169 |   0.0 |       0 |      38 |   0.0 |  1438
          D:14 |       0 |    5705 |   0.0 |       0 |      23 |   0.0 |   715
          D:15 |       0 |   28969 |   0.0 |       0 |      69 |   0.0 |  1737
        Lair:1 |       0 |    4190 |   0.0 |       0 |      21 |   0.0 |  2344
        Lair:2 |       0 |    4547 |   0.0 |       0 |      28 |   0.0 |  1467
        Lair:3 |       0 |    5945 |   0.0 |       0 |      27 |   0.0 |  1131
        Lair:4 |       0 |    2977 |   0.0 |       0 |      12 |   0.0 |  1192
        Lair:5 |       0 |    6048 |   0.0 |       0 |      14 |   0.0 |  1362
        Lair:6 |       0 |   33623 |   0.0 |       0 |     103 |   0.0 |  2108
      Shoals:1 |       0 |   12612 |   0.0 |       0 |      22 |   0.0 |  1057
      Shoals:2 |       0 |   21595 |   0.0 |       0 |      37 |   0.0 |  1160
      Shoals:3 |       0 |   26449 |   0.0 |       0 |      52 |   0.0 |  1413
      Shoals:4 |       0 |   42155 |   0.0 |       0 |      63 |   0.0 |  1454
       Snake:1 |       0 |   17994 |   0.0 |       0 |      31 |   0.0 |  1594
       Snake:2 |       0 |   12061 |   0.0 |       0 |      23 |   0.0 |  1545
       Snake:3 |       0 |   18966 |   0.0 |       0 |      42 |   0.0 |   824
       Snake:4 |       0 |   36825 |   0.0 |       0 |      68 |   0.0 |  1391
         Orc:1 |       0 |    3489 |   0.0 |       0 |      37 |   0.0 |   692
         Orc:2 |       0 |   11934 |   0.0 |       0 |      73 |   0.0 |  2183
         Elf:1 |       0 |   27298 |   0.0 |       0 |      40 |   0.0 |  1510
         Elf:2 |       0 |   44401 |   0.0 |       0 |      63 |   0.0 |  1649
         Elf:3 |       0 |   73685 |   0.0 |       0 |      77 |   0.0 |  2220
      Vaults:1 |       0 |   54141 |   0.0 |       0 |     107 |   0.0 |  2208
      Vaults:2 |       0 |   50463 |   0.0 |       0 |      84 |   0.0 |  2235
      Vaults:3 |       0 |   76002 |   0.0 |       0 |      97 |   0.0 |  2369
      Vaults:4 |       0 |   68190 |   0.0 |       0 |      99 |   0.0 |  2018
      Vaults:5 |       0 |  156586 |   0.0 |       0 |     130 |   0.0 |  2350
       Crypt:1 |       0 |   25020 |   0.0 |       0 |      34 |   0.0 |   965
       Crypt:2 |       0 |   31802 |   0.0 |       0 |      54 |   0.0 |  1234
       Crypt:3 |       0 |   62465 |   0.0 |       0 |      81 |   0.0 |  2220
      Depths:1 |       0 |   29260 |   0.0 |       0 |      49 |   0.0 |  1205
      Depths:2 |       0 |   69772 |   0.0 |       0 |      87 |   0.0 |  3404
      Depths:3 |       0 |   49208 |   0.0 |       0 |      85 |   0.0 |  1554
      Depths:4 |       0 |   52856 |   0.0 |       0 |      55 |   0.0 |  2033
      Depths:5 |       0 |   47894 |   0.0 |       0 |      54 |   0.0 |  1092
         Zot:1 |       0 |   30737 |   0.0 |       0 |      25 |   0.0 |   930
         Zot:2 |       0 |   45106 |   0.0 |       0 |      30 |   0.0 |  1025
         Zot:3 |       0 |   48461 |   0.0 |       0 |      39 |   0.0 |  1009
         Zot:4 |       0 |   49737 |   0.0 |       0 |      45 |   0.0 |   818
       Abyss:1 |   47410 |   25435 |  65.1 |      91 |      42 |  68.4 |  2025
       Abyss:3 |   48730 |   45751 |  51.6 |     112 |     109 |  50.7 |  2443
         IceCv |       0 |    2788 |   0.0 |       0 |      10 |   0.0 |   202
               +---------+---------+-------+---------+---------+-------+---------

Vault maps used:
D:1:      roderic_dead_forest
D:2:      kennysheep_okawaru_gauntlet, minmay_split_cup_small, uniq_sigmund
D:3:      minmay_roachtagon, marbit_many_paths, grunt_dithmenos_smoke,
          nicolae_ru_awakened_eye, uniq_grinder, uniq_natasha, uniq_robin
D:4:      minmay_misc_feat_enclosed
D:5:      lemuel_upstairs_altar, lemuel_coloured_pillars_altar,
          nicolae_gozag_seed_capital, serial_shops, shop, first_ration
D:6:      minmay_temple_entry_enclosed_plants
D:7:      nicolae_overflow_hidden_temple, serial_shops, nicolae_shop_trees, shop
D:8:      serial_shops, shop
D:9:      kennysheep_kobold_camp
D:10:     minmay_the_grid_square_5x5_3x3, david_orc_4, serial_bayou,
          serial_bayou_shore_b, serial_bayou_pond_b, serial_bayou_shore_a,
          serial_bayou_lagoon_a, serial_shops, shop, uniq_nergalle
D:11:     minmay_lair_entry_lava, nicolae_trove_entry_crystal, uniq_sonja
D:12:     basic_altar
D:13:     hangedman_vaults_entry_quadrant_bands, basic_altar, uniq_nessos
D:14:     serial_shops, bzr_entry_safe, minmay_misc_feat_roman,
          blue_anna_alchemist
D:15:     gammafunk_enter_depths_forms, serial_glass, glass_columns_a,
          glass_columns_b, portal_ice_cave_entry_ice_beasts, minmay_orc_keep
Temple:   regret_index_temple_sphere_string
Lair:2:   minmay_shoals_entry_centaurs, lab_entry_generic, beast_lair_carwin_5
Lair:3:   minmay_guarded_unrand_snakebite
Lair:4:   guppyfry_snake_entry_garden
Lair:5:   slime_altar_1, basic_altar, serial_bayou_shore_b, lemuel_fruit_tree,
          uniq_rupert
Lair:6:   grunt_lair_end_beastmaster, bobbens_dragon_lair_wall
Shoals:1: serial_shops, nicolae_shop_stone, uniq_roxanne
Shoals:2: cheibrodos_shoals_gigantism
Shoals:3: nicolae_shoals_drake_roost, uniq_nikola, uniq_polyphemus
Shoals:4: shoals_end_grunt_garden, shoal_ilsuiw, serial_shops, shop
Snake:1:  grunt_ministairs_15, uniq_aizul
Snake:2:  cheibrodos_snake_lava_hold, nicolae_snake_linked_coils
Snake:3:  onia_ninara_swampy_vault, special_room, minmay_shop_grove
Snake:4:  minmay_snake_end_coiled, serial_shops, shop, grunt_ministairs_12,
          spider_trap
Orc:1:    serial_shops, shop, basic_altar, minmay_orc_temple_a
Orc:2:    st_orc_rangers, uniq_maurice
Elf:1:    minmay_elf_annihilation, minmay_shop_star
Elf:2:    serial_shops, bzr_entry_road, uniq_azrael
Elf:3:    minmay_elf_hall_quartered_circle,
          nicolae_elf_glass_and_crystal_pillar_1, minivault_24, uniq_saint_roka,
          uniq_donald
Vaults:1: hangedman_vaults_capsules, v_alt_pattern_1, vaults_mumra_hex,
          nicolae_vaults_little_squares_4,
          nicolae_vaults_windows_and_doors_thing, vaults_room_pools,
          nicolae_vaults_arrows, nicolae_vaults_twisting_passages,
          vaults_room_semicircle, v_rooms_3, nicolae_vaults_little_squares_3
Vaults:2: vaults_mumra_hexcomb, ontoclasm_vaults_spin, grunt_vaults_twisty,
          vaults_standard_mumra_lines, v_rooms_2, vaults_dpeg_diagonal,
          vaults_standard_mumra_enter_the_diamond, grunt_vaults_hallway_short,
          nicolae_vaults_shelves_hall
Vaults:3: ontoclasm_vaults_gallery, ontoclasm_vaults_ring_small,
          ontoclasm_vaults_ring_small, nicolae_vaults_big_ls,
          hangedman_vaults_locks, nicolae_vaults_network_square,
          grunt_vaults_swirl, hangedman_vaults_stream,
          ontoclasm_vaults_claustrophobia, ontoclasm_vaults_ring_square,
          minmay_crypt_entry_nasty_monster, serial_ice_g,
          nicolae_vaults_network_quinsquares, nicolae_vaults_shelves_hall,
          nicolae_vaults_asterisk, vaults_dpeg_hooks, uniq_margery, uniq_mara
Vaults:4: v_pattern_1, hangedman_vaults_corner,
          hangedman_vaults_stretched_pinwheel, hangedman_vaults_river_flow,
          ontoclasm_vaults_twist, v_misc_11, serial_ice_m, v_misc_13,
          vaults_room_grunt_arrival_checkpoint, vaults_room_hangedman_quadrants,
          serial_shops, shop, uniq_sojobo
Vaults:5: serial_shops
Crypt:1:  grunt_megastairs_1, grunt_crypt_arrival_split, uniq_boris
Crypt:3:  quadcrypt_mu
Depths:1: enter_ziggurat_d, serial_bayou, serial_bayou_lagoon_b,
          serial_bayou_pond_e, serial_bayou_shore_b, serial_bayou_lake_a,
          serial_bayou_pond_c, lemuel_statue_altar, grunt_metal_band,
          minmay_misc_feat_rows, nrook_pool_corridor, dk_noncrumbling_4,
          evilmike_ambush
Depths:2: evilmike_iron_armoury, nicolae_abyss_entry_one_way_or_another,
          kennysheep_minor_cross, hell_entry, patterned_corridor,
          infiniplex_staircase_diamond, uniq_jorgrun
Depths:3: minmay_mutant_horseshoe, rand_demon_pan_entry_5, hell_entry,
          dk_noncrumbling_2, uniq_boris, uniq_bai_suzhen
Depths:4: minmay_gate_of_8, serial_shops, statue_bzr, shop,
          nicolae_shop_window_shopping, abyss_entry, hell_entry, minivault_14
Depths:5: evilmike_zot_entry_round, hell_entry, lightli_corner_chamber
Zot:1:    st_stairs_9, hangedman_hellfire_club
Zot:4:    gammafunk_mikee_crab_dinner
Abyss:1:  minivault_25_ag
Abyss:2:  minivault_22, evilmike_abyss_exit_10
Bazaar:   bazaar_jpeg_cross, grunt_bazaar_doublecross
IceCv:    ice_cave_statue_garden_teleport

Table legend:
 A = Turns spent in this place as a percentage of turns spent in the entire game.
 B = Non-inter-level travel turns spent in this place as a percentage of non-inter-level travel turns spent in the entire game.
 C = Inter-level travel turns spent in this place as a percentage of turns spent in this place.
 D = Turns resting spent in this place as a percentage of non-inter-level travel turns spent in this place.
 E = Turns spent auto-exploring this place as a percentage of non-inter-level travel turns spent in this place.
 F = Non-inter-level travel turns spent in this place divided by the number of levels of this place that you've seen.
                   A       B       C       D       E      F
               +-------+-------+-------+-------+-------+----------------------
         Total | 100.0 | 100.0 |  11.4 |  17.7 |  42.6 | 1178.9
       Dungeon |  22.3 |  21.0 |  16.8 |  20.9 |  48.4 | 988.9
        Temple |   0.2 |   0.2 |  16.0 |   0.0 |  91.8 | 147.0
          Lair |  12.0 |  11.5 |  15.0 |  18.8 |  50.0 | 1359.8
        Shoals |   6.4 |   6.3 |  11.7 |   6.5 |  46.4 | 1122.2
     Snake Pit |   6.7 |   6.9 |   8.4 |  15.5 |  48.5 | 1226.5
  Orcish Mines |   3.6 |   3.3 |  19.2 |  17.4 |  39.3 | 1161.0
   Elven Halls |   6.7 |   7.2 |   5.5 |  17.4 |  39.0 | 1694.3
        Vaults |  14.0 |  13.6 |  14.1 |  13.0 |  39.9 | 1921.4
         Crypt |   5.5 |   5.8 |   6.5 |  13.3 |  50.0 | 1377.3
        Depths |  11.6 |  12.1 |   8.0 |  31.4 |  33.8 | 1708.2
           Zot |   4.7 |   5.1 |   4.2 |  20.5 |  44.2 | 906.2
         Abyss |   5.6 |   6.3 |   0.0 |   5.9 |  19.3 | 896.6
        Bazaar |   0.3 |   0.3 |   0.0 |   0.0 |  56.7 | 104.0
      Ice Cave |   0.3 |   0.3 |   0.0 |  30.7 |   0.0 | 202.0
               +-------+-------+-------+-------+-------+----------------------

Table legend:
 A = Kills in this place as a percentage of kills in entire the game.
 B = Kills by you in this place as a percentage of kills by you in the entire game.
 C = Kills by friends in this place as a percentage of kills by friends in the entire game.
 D = Other kills in this place as a percentage of other kills in the entire game.
 E = Experience gained in this place as a percentage of experience gained in the entire game.
 F = Experience gained in this place divided by the number of levels of this place that you have seen.
                   A       B       C       D       E      F
               +-------+-------+-------+-------+-------+----------------------
         Total | 100.0 | 100.0 | 100.0 | 100.0 | 100.0 | 26555.6
       Dungeon |  17.4 |  19.5 |   0.4 |   0.0 |   4.3 | 4581.9
          Lair |   7.2 |   7.9 |   1.4 |   0.0 |   3.6 | 9555.0
        Shoals |   6.1 |   6.7 |   0.4 |  14.3 |   6.5 | 25702.8
     Snake Pit |   5.8 |   6.3 |   1.4 |   3.6 |   5.4 | 21461.5
  Orcish Mines |   3.9 |   4.2 |   1.4 |   0.0 |   1.0 | 7711.5
   Elven Halls |   6.3 |   6.6 |   2.1 |  21.4 |   9.1 | 48461.3
        Vaults |  18.2 |  18.6 |  13.4 |  25.0 |  25.4 | 81076.4
         Crypt |   5.9 |   5.6 |   9.9 |   0.0 |   7.5 | 39762.3
        Depths |  11.6 |   9.8 |  26.4 |  25.0 |  15.6 | 49798.0
           Zot |   4.9 |   3.9 |  13.7 |   7.1 |  10.9 | 43510.2
         Abyss |  12.4 |  10.6 |  29.6 |   3.6 |  10.5 | 33465.2
      Ice Cave |   0.4 |   0.4 |   0.0 |   0.0 |   0.2 | 2788.0
               +-------+-------+-------+-------+-------+----------------------
